Workbook

Sheet Receta Estandar
A1: RESTAURANTE EL CORRIENTASO
A2: RECETA ESTÁNDAR(PLATO FUERTE)
A3: NOMBRE DE LA PREPARACIÓN: | D3: ABADEJO A LA PLANCHA ACOMPAÑADO DE PAPAS SALADAS
A4: Categoría | E4: Código | J4: RECETA N°
A5: País | E5: Fecha | F5: =+NOW() -> 46154.318 | J5: N°. De porciones | K5: 30
A6: PREPARACIÓN PRINCIPAL
A7: CÓD. | B7: INGREDIENTES | E7: Cant. Por porcion | F7: Unidad de Medida | G7: Presentación | H7: Cantidad total requerida en Grs. | I7: Costo cotizado | J7: Costo Por Porción | K7: VALOR TOTAL
A8: 1 | B8: Abadejo (pescado) | E8: 200 | F8: Grs | G8: Kilo | H8: =+E8*$K$5 -> 6000 | I8: 18000 | J8: =+IF(G8="Kilo",I8/1000*E8,IF(G8="Libra",I8/500*E8,IF(G8="Litro",I8/1000*E8,IF(G8="Galón",I8/3800*E8,IF(G8="Onza",I8/30*E8," "))))) -> 3600 | K8: =IF(ISERROR($K$5*J8)," ",$K$5*J8) -> 108000
A9: 2 | B9: Sal | E9: 2 | F9: Grs | G9: Libra | H9: =+E9*$K$5 -> 60 | I9: 900 | J9: =+IF(G9="Kilo",I9/1000*E9,IF(G9="Libra",I9/500*E9,IF(G9="Litro",I9/1000*E9,IF(G9="Galón",I9/3800*E9,IF(G9="Onza",I9/30*E9," "))))) -> 3.6 | K9: =IF(ISERROR($K$5*J9)," ",$K$5*J9) -> 108
A10: 3 | B10: Mantequilla | E10: 100 | F10: Grs | G10: Libra | H10: =+E10*$K$5 -> 3000 | I10: 2500 | J10: =+IF(G10="Kilo",I10/1000*E10,IF(G10="Libra",I10/500*E10,IF(G10="Litro",I10/1000*E10,IF(G10="Galón",I10/3800*E10,IF(G10="Onza",I10/30*E10," "))))) -> 500 | K10: =IF(ISERROR($K$5*J10)," ",$K$5*J10) -> 15000
A11: 4 | B11: Aceite de oliva | E11: 2 | F11: ml | G11: Litro | H11: =+E11*$K$5 -> 60 | I11: 8500 | J11: =+IF(G11="Kilo",I11/1000*E11,IF(G11="Libra",I11/500*E11,IF(G11="Litro",I11/1000*E11,IF(G11="Galón",I11/3800*E11,IF(G11="Onza",I11/30*E11," "))))) -> 17 | K11: =IF(ISERROR($K$5*J11)," ",$K$5*J11) -> 510
A12: 5 | B12: Pimienta | E12: 2 | F12: Grs | G12: Libra | H12: 1 | I12: 4300 | J12: =+IF(G12="Kilo",I12/1000*E12,IF(G12="Libra",I12/500*E12,IF(G12="Litro",I12/1000*E12,IF(G12="Galón",I12/3800*E12,IF(G12="Onza",I12/30*E12," "))))) -> 17.2 | K12: =IF(ISERROR($K$5*J12)," ",$K$5*J12) -> 516
A13: 6 | B13: Cebollín | E13: 25 | F13: Grs | G13: Libra | H13: 25 | I13: 900 | J13: =+IF(G13="Kilo",I13/1000*E13,IF(G13="Libra",I13/500*E13,IF(G13="Litro",I13/1000*E13,IF(G13="Galón",I13/3800*E13,IF(G13="Onza",I13/30*E13," "))))) -> 45 | K13: =IF(ISERROR($K$5*J13)," ",$K$5*J13) -> 1350
J14: =+IF(G14="Kilo",I14/1000*E14,IF(G14="Libra",I14/500*E14,IF(G14="Litro",I14/1000*E14,IF(G14="Galón",I14/3800*E14,IF(G14="Onza",I14/30*E14," "))))) | K14: =IF(ISERROR($K$5*J14)," ",$K$5*J14)
J15: =+IF(G15="Kilo",I15/1000*E15,IF(G15="Libra",I15/500*E15,IF(G15="Litro",I15/1000*E15,IF(G15="Galón",I15/3800*E15,IF(G15="Onza",I15/30*E15," "))))) | K15: =IF(ISERROR($K$5*J15)," ",$K$5*J15)
J16: =+IF(G16="Kilo",I16/1000*E16,IF(G16="Libra",I16/500*E16,IF(G16="Litro",I16/1000*E16,IF(G16="Galón",I16/3800*E16,IF(G16="Onza",I16/30*E16," "))))) | K16: =IF(ISERROR($K$5*J16)," ",$K$5*J16)
J17: =+IF(G17="Kilo",I17/1000*E17,IF(G17="Libra",I17/500*E17,IF(G17="Litro",I17/1000*E17,IF(G17="Galón",I17/3800*E17,IF(G17="Onza",I17/30*E17," "))))) | K17: =IF(ISERROR($K$5*J17)," ",$K$5*J17)
J18: =+IF(G18="Kilo",I18/1000*E18,IF(G18="Libra",I18/500*E18,IF(G18="Litro",I18/1000*E18,IF(G18="Galón",I18/3800*E18,IF(G18="Onza",I18/30*E18," "))))) | K18: =IF(ISERROR($K$5*J18)," ",$K$5*J18)
H19: =+E19*$K$5/1000 -> 0 | J19: =+IF(G19="Kilo",I19/1000*E19,IF(G19="Libra",I19/500*E19,IF(G19="Litro",I19/1000*E19,IF(G19="Galón",I19/3800*E19,IF(G19="Onza",I19/30*E19," "))))) | K19: =IF(ISERROR($K$5*J19)," ",$K$5*J19)
A20: TOTAL COSTO DE LOS INSUMOS DE PRODUCCIÓN | K20: =SUM(K8:K19) -> 125484
A21: ACOMPAÑANTES
A22: 7 | B22: Papas saladas | F22: Grs | G22: Kilo | H22: 76 | I22: 1800 | J22: =+IF(G22="Kilo",I22/1000*H22,IF(G22="Libra",I22/500*H22,IF(G22="Litro",I22/1000*H22,IF(G22="Galón",I22/3800*H22,IF(G22="Onza",I22/30*H22," "))))) -> 136.8 | K22: =IF(ISERROR($K$5*J22)," ",$K$5*J22) -> 4104
A23: 8 | B23: sal | F23: Grs | G23: Libra | H23: 4 | I23: 900 | J23: =+IF(G23="Kilo",I23/1000*H23,IF(G23="Libra",I23/500*H23,IF(G23="Litro",I23/1000*H23,IF(G23="Galón",I23/3800*H23,IF(G23="Onza",I23/30*H23," "))))) -> 7.2 | K23: =IF(ISERROR($K$5*J23)," ",$K$5*J23) -> 216
B24: Aceite de oliva | F24: cc | G24: Litro | H24: 2 | I24: 8500 | J24: =+IF(G24="Kilo",I24/1000*H24,IF(G24="Libra",I24/500*H24,IF(G24="Litro",I24/1000*H24,IF(G24="Galón",I24/3800*H24,IF(G24="Onza",I24/30*H24," "))))) -> 17 | K24: =IF(ISERROR($K$5*J24)," ",$K$5*J24) -> 510
A25: COSTO ACOMPAÑANTES | K25: =SUM(K22:K24) -> 4830
A26: P R E P A R A C I Ó N
A29: Medio de Cocción | H29: Tipo de Cocción
A31: Método de Cocción | H31: Técnica de Cocción
A33: Tiempo de preparación:
A36: COSTEO
A37: COSTO TOTAL DE LA MATERIA PRIMA | K37: =+K20+K25 -> 130314
A38: MARGEN DE ERROR O VARIACIÓN en % (merma) | J38: 0.03 | K38: =+K37*J38 -> 3909.42
A39: COSTO DE MATERIA PRIMA | K39: =+K37+K38 -> 134223.42
A40: MANO DE OBRA DIRECTA | H40: Valor Unidad | J40: 1200 | K40: =+J40*K5 -> 36000
A41: COSTO INDIRECTO DEL SERVICIO | H41: Valor Unidad CIS | J41: =+J40*1/3 -> 400 | K41: =+K40*1/3 -> 12000
A42: TOTAL COSTO DE PRODUCCIÓN | K42: =+SUM(K39:K41) -> 182223.42
A43: COSTO UNITARIO DE PRODUCCIÓN | K43: =+K42/K5 -> 6074.114
A44: % DE GANANCIA ESTABLECIDO POR LA GERENCIA | K44: 0.5
A45: PRECIO POTENCIAL DE VENTA DE UNA PORCIÓN | K45: =K43/(1-K44) -> 12148.228
A46: IVA | J46: 0.16 | K46: =+K45*J46 -> 1943.7165
A47: PRECIO POTENCIAL DE VENTA CON IVA | K47: =(K45+K46) -> 14091.944
A48: PESO PORCIÓN GRAMOS | K48: =+SUM(E8:E19,H22) -> 407
A49: IMAGEN | E49: C O S T O S PA R A L A C A R T A
E50: Precio para la Carta de Cada Porción (por redondeo) | K50: =+K47 -> 14091.944
E51: Precio Real de Venta de Una Porción | K51: =+K45 -> 12148.228
E52: IVA Generado al vender cada porción | J52: 0.16 | K52: =+K51*J52 -> 1943.7165
E53: O T R O S D A T O S A D M I N I S T R A T I V O S
E54: % Real de Costo de Materia Prima | K54: =+K39/K42 -> 0.7365871

Sheet Receta Estandar Principal
A1: RESTAURANTE EL CORRIENTAZO
A2: RECETA ESTÁNDAR (PLATO FUERTE)
A3: NOMBRE DE LA PREPARACIÓN: | K3: RECETA N°
A4: País | E4: Categoría | G4: Código | I4: Fecha | L4: N°. de porciones | M4: 10
A5: PREPARACIÓN PRINCIPAL
A6: CÓD. | B6: INGREDIENTES | E6: Cant. Por porcion | F6: Unidad de Medida | G6: % Rendimiento | H6: Cantidad Total Neta requerida | I6: Presupuesto de compras | J6: Presentación Comercial | K6: Costo cotizado | L6: Costo Por Porción | M6: COSTO TOTAL DE LOS INGREDIENTES
A7: 1 | B7: Carne de res | E7: 200 | F7: Grs | G7: 0.7 | H7: =IFERROR(IF(G7<=100%, E7/G7, E7*G7), 0) * $M$4 -> 2857.1429 | I7: =IF(J7="Kilo",H7/1000,IF(J7="Saco x 50 Kg",H7/50000,IF(J7="Libra",H7/500,IF(J7="Caja x 30",H7/30,IF(J7="Litro",H7/1000,IF(J7="Galón",H7/3800,IF(J7="Onza",H7/30,IF(J7="Fco. 500 ml",H7/500,IF(J7="Fco. 400 Grs",H7/400,IF(J7="Fco. 200 Grs",H7/200,IF(J7="Fco. 200 ml",H7/200,IF(J7="Fco. 750 ml",H7/750,IF(J7="Fco. 125 ml",H7/125,IF(J7="Arroba",H7/12500,IF(J7="Unidad",H7/1," "))))))))))))))) -> 5.7142857 | J7: Libra | K7: 25000 | L7: =IF(ISERROR(M7/$M$4)," ",(M7/$M$4)) -> 14285.714 | M7: =IF(ISERROR(I7*K7)," ",I7*K7) -> 142857.14
A8: 2 | B8: Ajo | E8: 5 | F8: Grs | G8: 0.95 | H8: =IFERROR(IF(G8<=100%, E8/G8, E8*G8), 0) * $M$4 -> 52.631579 | I8: =IF(J8="Kilo",H8/1000,IF(J8="Saco x 50 Kg",H8/50000,IF(J8="Libra",H8/500,IF(J8="Caja x 30",H8/30,IF(J8="Litro",H8/1000,IF(J8="Galón",H8/3800,IF(J8="Onza",H8/30,IF(J8="Fco. 500 ml",H8/500,IF(J8="Fco. 400 Grs",H8/400,IF(J8="Fco. 200 Grs",H8/200,IF(J8="Fco. 200 ml",H8/200,IF(J8="Fco. 750 ml",H8/750,IF(J8="Fco. 125 ml",H8/125,IF(J8="Arroba",H8/12500,IF(J8="Unidad",H8/1," "))))))))))))))) -> 0.10526316 | J8: Libra | K8: 10000 | L8: =IF(ISERROR(M8/$M$4)," ",(M8/$M$4)) -> 105.26316 | M8: =IF(ISERROR(I8*K8)," ",I8*K8) -> 1052.6316
A9: 3 | B9: sal | E9: 3 | F9: Grs | G9: 1 | H9: =IFERROR(IF(G9<=100%, E9/G9, E9*G9), 0) * $M$4 -> 30 | I9: =IF(J9="Kilo",H9/1000,IF(J9="Saco x 50 Kg",H9/50000,IF(J9="Libra",H9/500,IF(J9="Caja x 30",H9/30,IF(J9="Litro",H9/1000,IF(J9="Galón",H9/3800,IF(J9="Onza",H9/30,IF(J9="Fco. 500 ml",H9/500,IF(J9="Fco. 400 Grs",H9/400,IF(J9="Fco. 200 Grs",H9/200,IF(J9="Fco. 200 ml",H9/200,IF(J9="Fco. 750 ml",H9/750,IF(J9="Fco. 125 ml",H9/125,IF(J9="Arroba",H9/12500,IF(J9="Unidad",H9/1," "))))))))))))))) -> 0.06 | J9: Libra | K9: 3000 | L9: =IF(ISERROR(M9/$M$4)," ",(M9/$M$4)) -> 18 | M9: =IF(ISERROR(I9*K9)," ",I9*K9) -> 180
A10: 4 | B10: Aceite | E10: 10 | F10: ml | G10: 1 | H10: =IFERROR(IF(G10<=100%, E10/G10, E10*G10), 0) * $M$4 -> 100 | I10: =IF(J10="Kilo",H10/1000,IF(J10="Saco x 50 Kg",H10/50000,IF(J10="Libra",H10/500,IF(J10="Caja x 30",H10/30,IF(J10="Litro",H10/1000,IF(J10="Galón",H10/3800,IF(J10="Onza",H10/30,IF(J10="Fco. 500 ml",H10/500,IF(J10="Fco. 400 Grs",H10/400,IF(J10="Fco. 200 Grs",H10/200,IF(J10="Fco. 200 ml",H10/200,IF(J10="Fco. 750 ml",H10/750,IF(J10="Fco. 125 ml",H10/125,IF(J10="Arroba",H10/12500,IF(J10="Unidad",H10/1," "))))))))))))))) -> 0.1 | J10: Litro | K10: 10000 | L10: =IF(ISERROR(M10/$M$4)," ",(M10/$M$4)) -> 100 | M10: =IF(ISERROR(I10*K10)," ",I10*K10) -> 1000
A11: 5 | H11: =IFERROR(IF(G11<=100%, E11/G11, E11*G11), 0) * $M$4 -> 0 | I11: =IF(J11="Kilo",H11/1000,IF(J11="Saco x 50 Kg",H11/50000,IF(J11="Libra",H11/500,IF(J11="Caja x 30",H11/30,IF(J11="Litro",H11/1000,IF(J11="Galón",H11/3800,IF(J11="Onza",H11/30,IF(J11="Fco. 500 ml",H11/500,IF(J11="Fco. 400 Grs",H11/400,IF(J11="Fco. 200 Grs",H11/200,IF(J11="Fco. 200 ml",H11/200,IF(J11="Fco. 750 ml",H11/750,IF(J11="Fco. 125 ml",H11/125,IF(J11="Arroba",H11/12500,IF(J11="Unidad",H11/1," "))))))))))))))) | L11: =IF(ISERROR(M11/$M$4)," ",(M11/$M$4)) | M11: =IF(ISERROR(I11*K11)," ",I11*K11)
A12: 6 | H12: =IFERROR(IF(G12<=100%, E12/G12, E12*G12), 0) * $M$4 -> 0 | I12: =IF(J12="Kilo",H12/1000,IF(J12="Saco x 50 Kg",H12/50000,IF(J12="Libra",H12/500,IF(J12="Caja x 30",H12/30,IF(J12="Litro",H12/1000,IF(J12="Galón",H12/3800,IF(J12="Onza",H12/30,IF(J12="Fco. 500 ml",H12/500,IF(J12="Fco. 400 Grs",H12/400,IF(J12="Fco. 200 Grs",H12/200,IF(J12="Fco. 200 ml",H12/200,IF(J12="Fco. 750 ml",H12/750,IF(J12="Fco. 125 ml",H12/125,IF(J12="Arroba",H12/12500,IF(J12="Unidad",H12/1," "))))))))))))))) | L12: =IF(ISERROR(M12/$M$4)," ",(M12/$M$4)) | M12: =IF(ISERROR(I12*K12)," ",I12*K12)
A13: 7 | H13: =IFERROR(IF(G13<=100%, E13/G13, E13*G13), 0) * $M$4 -> 0 | I13: =IF(J13="Kilo",H13/1000,IF(J13="Saco x 50 Kg",H13/50000,IF(J13="Libra",H13/500,IF(J13="Caja x 30",H13/30,IF(J13="Litro",H13/1000,IF(J13="Galón",H13/3800,IF(J13="Onza",H13/30,IF(J13="Fco. 500 ml",H13/500,IF(J13="Fco. 400 Grs",H13/400,IF(J13="Fco. 200 Grs",H13/200,IF(J13="Fco. 200 ml",H13/200,IF(J13="Fco. 750 ml",H13/750,IF(J13="Fco. 125 ml",H13/125,IF(J13="Arroba",H13/12500,IF(J13="Unidad",H13/1," "))))))))))))))) | L13: =IF(ISERROR(M13/$M$4)," ",(M13/$M$4)) | M13: =IF(ISERROR(I13*K13)," ",I13*K13)
A14: 8 | H14: =IFERROR(IF(G14<=100%, E14/G14, E14*G14), 0) * $M$4 -> 0 | I14: =IF(J14="Kilo",H14/1000,IF(J14="Saco x 50 Kg",H14/50000,IF(J14="Libra",H14/500,IF(J14="Caja x 30",H14/30,IF(J14="Litro",H14/1000,IF(J14="Galón",H14/3800,IF(J14="Onza",H14/30,IF(J14="Fco. 500 ml",H14/500,IF(J14="Fco. 400 Grs",H14/400,IF(J14="Fco. 200 Grs",H14/200,IF(J14="Fco. 200 ml",H14/200,IF(J14="Fco. 750 ml",H14/750,IF(J14="Fco. 125 ml",H14/125,IF(J14="Arroba",H14/12500,IF(J14="Unidad",H14/1," "))))))))))))))) | L14: =IF(ISERROR(M14/$M$4)," ",(M14/$M$4)) | M14: =IF(ISERROR(I14*K14)," ",I14*K14)
A15: 9 | H15: =IFERROR(IF(G15<=100%, E15/G15, E15*G15), 0) * $M$4 -> 0 | I15: =IF(J15="Kilo",H15/1000,IF(J15="Saco x 50 Kg",H15/50000,IF(J15="Libra",H15/500,IF(J15="Caja x 30",H15/30,IF(J15="Litro",H15/1000,IF(J15="Galón",H15/3800,IF(J15="Onza",H15/30,IF(J15="Fco. 500 ml",H15/500,IF(J15="Fco. 400 Grs",H15/400,IF(J15="Fco. 200 Grs",H15/200,IF(J15="Fco. 200 ml",H15/200,IF(J15="Fco. 750 ml",H15/750,IF(J15="Fco. 125 ml",H15/125,IF(J15="Arroba",H15/12500,IF(J15="Unidad",H15/1," "))))))))))))))) | L15: =IF(ISERROR(M15/$M$4)," ",(M15/$M$4)) | M15: =IF(ISERROR(I15*K15)," ",I15*K15)
A16: 10 | H16: =IFERROR(IF(G16<=100%, E16/G16, E16*G16), 0) * $M$4 -> 0 | I16: =IF(J16="Kilo",H16/1000,IF(J16="Saco x 50 Kg",H16/50000,IF(J16="Libra",H16/500,IF(J16="Caja x 30",H16/30,IF(J16="Litro",H16/1000,IF(J16="Galón",H16/3800,IF(J16="Onza",H16/30,IF(J16="Fco. 500 ml",H16/500,IF(J16="Fco. 400 Grs",H16/400,IF(J16="Fco. 200 Grs",H16/200,IF(J16="Fco. 200 ml",H16/200,IF(J16="Fco. 750 ml",H16/750,IF(J16="Fco. 125 ml",H16/125,IF(J16="Arroba",H16/12500,IF(J16="Unidad",H16/1," "))))))))))))))) | L16: =IF(ISERROR(M16/$M$4)," ",(M16/$M$4)) | M16: =IF(ISERROR(I16*K16)," ",I16*K16)
A17: 11 | H17: =IFERROR(IF(G17<=100%, E17/G17, E17*G17), 0) * $M$4 -> 0 | I17: =IF(J17="Kilo",H17/1000,IF(J17="Saco x 50 Kg",H17/50000,IF(J17="Libra",H17/500,IF(J17="Caja x 30",H17/30,IF(J17="Litro",H17/1000,IF(J17="Galón",H17/3800,IF(J17="Onza",H17/30,IF(J17="Fco. 500 ml",H17/500,IF(J17="Fco. 400 Grs",H17/400,IF(J17="Fco. 200 Grs",H17/200,IF(J17="Fco. 200 ml",H17/200,IF(J17="Fco. 750 ml",H17/750,IF(J17="Fco. 125 ml",H17/125,IF(J17="Arroba",H17/12500,IF(J17="Unidad",H17/1," "))))))))))))))) | L17: =IF(ISERROR(M17/$M$4)," ",(M17/$M$4)) | M17: =IF(ISERROR(I17*K17)," ",I17*K17)
A18: 12 | H18: =IFERROR(IF(G18<=100%, E18/G18, E18*G18), 0) * $M$4 -> 0 | I18: =IF(J18="Kilo",H18/1000,IF(J18="Saco x 50 Kg",H18/50000,IF(J18="Libra",H18/500,IF(J18="Caja x 30",H18/30,IF(J18="Litro",H18/1000,IF(J18="Galón",H18/3800,IF(J18="Onza",H18/30,IF(J18="Fco. 500 ml",H18/500,IF(J18="Fco. 400 Grs",H18/400,IF(J18="Fco. 200 Grs",H18/200,IF(J18="Fco. 200 ml",H18/200,IF(J18="Fco. 750 ml",H18/750,IF(J18="Fco. 125 ml",H18/125,IF(J18="Arroba",H18/12500,IF(J18="Unidad",H18/1," "))))))))))))))) | L18: =IF(ISERROR(M18/$M$4)," ",(M18/$M$4)) | M18: =IF(ISERROR(I18*K18)," ",I18*K18)
A19: 13 | H19: =IFERROR(IF(G19<=100%, E19/G19, E19*G19), 0) * $M$4 -> 0 | I19: =IF(J19="Kilo",H19/1000,IF(J19="Saco x 50 Kg",H19/50000,IF(J19="Libra",H19/500,IF(J19="Caja x 30",H19/30,IF(J19="Litro",H19/1000,IF(J19="Galón",H19/3800,IF(J19="Onza",H19/30,IF(J19="Fco. 500 ml",H19/500,IF(J19="Fco. 400 Grs",H19/400,IF(J19="Fco. 200 Grs",H19/200,IF(J19="Fco. 200 ml",H19/200,IF(J19="Fco. 750 ml",H19/750,IF(J19="Fco. 125 ml",H19/125,IF(J19="Arroba",H19/12500,IF(J19="Unidad",H19/1," "))))))))))))))) | L19: =IF(ISERROR(M19/$M$4)," ",(M19/$M$4)) | M19: =IF(ISERROR(I19*K19)," ",I19*K19)
A20: 14 | H20: =IFERROR(IF(G20<=100%, E20/G20, E20*G20), 0) * $M$4 -> 0 | I20: =IF(J20="Kilo",H20/1000,IF(J20="Saco x 50 Kg",H20/50000,IF(J20="Libra",H20/500,IF(J20="Caja x 30",H20/30,IF(J20="Litro",H20/1000,IF(J20="Galón",H20/3800,IF(J20="Onza",H20/30,IF(J20="Fco. 500 ml",H20/500,IF(J20="Fco. 400 Grs",H20/400,IF(J20="Fco. 200 Grs",H20/200,IF(J20="Fco. 200 ml",H20/200,IF(J20="Fco. 750 ml",H20/750,IF(J20="Fco. 125 ml",H20/125,IF(J20="Arroba",H20/12500,IF(J20="Unidad",H20/1," "))))))))))))))) | L20: =IF(ISERROR(M20/$M$4)," ",(M20/$M$4)) | M20: =IF(ISERROR(I20*K20)," ",I20*K20)
A21: 15 | H21: =IFERROR(IF(G21<=100%, E21/G21, E21*G21), 0) * $M$4 -> 0 | I21: =IF(J21="Kilo",H21/1000,IF(J21="Saco x 50 Kg",H21/50000,IF(J21="Libra",H21/500,IF(J21="Caja x 30",H21/30,IF(J21="Litro",H21/1000,IF(J21="Galón",H21/3800,IF(J21="Onza",H21/30,IF(J21="Fco. 500 ml",H21/500,IF(J21="Fco. 400 Grs",H21/400,IF(J21="Fco. 200 Grs",H21/200,IF(J21="Fco. 200 ml",H21/200,IF(J21="Fco. 750 ml",H21/750,IF(J21="Fco. 125 ml",H21/125,IF(J21="Arroba",H21/12500,IF(J21="Unidad",H21/1," "))))))))))))))) | L21: =IF(ISERROR(M21/$M$4)," ",(M21/$M$4)) | M21: =IF(ISERROR(I21*K21)," ",I21*K21)
A22: 16 | H22: =IFERROR(IF(G22<=100%, E22/G22, E22*G22), 0) * $M$4 -> 0 | I22: =IF(J22="Kilo",H22/1000,IF(J22="Saco x 50 Kg",H22/50000,IF(J22="Libra",H22/500,IF(J22="Caja x 30",H22/30,IF(J22="Litro",H22/1000,IF(J22="Galón",H22/3800,IF(J22="Onza",H22/30,IF(J22="Fco. 500 ml",H22/500,IF(J22="Fco. 400 Grs",H22/400,IF(J22="Fco. 200 Grs",H22/200,IF(J22="Fco. 200 ml",H22/200,IF(J22="Fco. 750 ml",H22/750,IF(J22="Fco. 125 ml",H22/125,IF(J22="Arroba",H22/12500,IF(J22="Unidad",H22/1," "))))))))))))))) | L22: =IF(ISERROR(M22/$M$4)," ",(M22/$M$4)) | M22: =IF(ISERROR(I22*K22)," ",I22*K22)
... A26: 20 | H26: =IFERROR(IF(G26<=100%, E26/G26, E26*G26), 0) * $M$4 -> 0 | I26: =IF(J26="Kilo",H26/1000,IF(J26="Saco x 50 Kg",H26/50000,IF(J26="Libra",H26/500,IF(J26="Caja x 30",H26/30,IF(J26="Litro",H26/1000,IF(J26="Galón",H26/3800,IF(J26="Onza",H26/30,IF(J26="Fco. 500 ml",H26/500,IF(J26="Fco. 400 Grs",H26/400,IF(J26="Fco. 200 Grs",H26/200,IF(J26="Fco. 200 ml",H26/200,IF(J26="Fco. 750 ml",H26/750,IF(J26="Fco. 125 ml",H26/125,IF(J26="Arroba",H26/12500,IF(J26="Unidad",H26/1," "))))))))))))))) | L26: =IF(ISERROR(M26/$M$4)," ",(M26/$M$4)) | M26: =IF(ISERROR(I26*K26)," ",I26*K26)
A27: TOTAL COSTO DE LOS INSUMOS DE PRODUCCIÓN | L27: =SUM(L7:L26) -> 14508.977 | M27: =SUM(M7:M26) -> 145089.77
A28: ACOMPAÑANTES
A29: 1 | B29: =+'R. E. C 1'!F3 -> 0 | L29: =+'R. E. C 1'!L19 -> 0 | M29: =+'R. E. C 1'!M19 -> 0
A30: 2 | B30: =+'R. E. C 2'!F3 -> 0 | I30: =+IF(J30="Kilo",H30/1000,IF(J30="Huevo caja x 30",H30/30,IF(J30="Libra",H30/500,IF(J30="Litro",H30/1000,IF(J30="Galón",H30/3800,IF(J30="Onza",H30/30,IF(J30="Fco. 500 ml",H30/500,IF(J30="Fco. 200 ml",H30/200,IF(J30="Unidad",E30*$M$5," "))))))))) | L30: =+'R. E. C 2'!L19 -> 0 | M30: =+'R. E. C 2'!M19 -> 0
A31: 3 | B31: =+'R. E. C 3'!F3 -> 0 | I31: =+IF(J31="Kilo",H31/1000,IF(J31="Huevo caja x 30",H31/30,IF(J31="Libra",H31/500,IF(J31="Litro",H31/1000,IF(J31="Galón",H31/3800,IF(J31="Onza",H31/30,IF(J31="Fco. 500 ml",H31/500,IF(J31="Fco. 200 ml",H31/200,IF(J31="Unidad",E31*$M$5," "))))))))) | L31: =+'R. E. C 3'!L19 -> 0 | M31: =+'R. E. C 3'!M19 -> 0
A32: 4 | B32: =+'R. E. C 4'!F3 -> 0 | H32: =+#REF!+(#REF!*G32) -> #REF! | I32: =+IF(J32="Kilo",H32/1000,IF(J32="Huevo caja x 30",H32/30,IF(J32="Libra",H32/500,IF(J32="Litro",H32/1000,IF(J32="Galón",H32/3800,IF(J32="Onza",H32/30,IF(J32="Fco. 500 ml",H32/500,IF(J32="Fco. 200 ml",H32/200,IF(J32="Unidad",E32*$M$5," "))))))))) | L32: =+'R. E. C 4'!L19 -> 0 | M32: =+'R. E. C 4'!M19 -> 0
A33: 5 | B33: =+'R. E. C 5'!F3 -> 0 | H33: =+#REF!+(#REF!*G33) -> #REF! | I33: =+IF(J33="Kilo",H33/1000,IF(J33="Huevo caja x 30",H33/30,IF(J33="Libra",H33/500,IF(J33="Litro",H33/1000,IF(J33="Galón",H33/3800,IF(J33="Onza",H33/30,IF(J33="Fco. 500 ml",H33/500,IF(J33="Fco. 200 ml",H33/200,IF(J33="Unidad",E33*$M$5," "))))))))) | L33: =+'R. E. C 5'!L19 -> 0 | M33: =+'R. E. C 5'!M19 -> 0
A34: 6 | B34: =+'R. E. C 6'!F3 -> 0 | H34: =+#REF!+(#REF!*G34) -> #REF! | I34: =+IF(J34="Kilo",H34/1000,IF(J34="Huevo caja x 30",H34/30,IF(J34="Libra",H34/500,IF(J34="Litro",H34/1000,IF(J34="Galón",H34/3800,IF(J34="Onza",H34/30,IF(J34="Fco. 500 ml",H34/500,IF(J34="Fco. 200 ml",H34/200,IF(J34="Unidad",E34*$M$5," "))))))))) | L34: =+'R. E. C 6'!L19 -> 0 | M34: =+'R. E. C 6'!M19 -> 0
A35: 7 | B35: =+'R. E. C 7'!F3 -> 0 | H35: =+#REF!+(#REF!*G35) -> #REF! | I35: =+IF(J35="Kilo",H35/1000,IF(J35="Huevo caja x 30",H35/30,IF(J35="Libra",H35/500,IF(J35="Litro",H35/1000,IF(J35="Galón",H35/3800,IF(J35="Onza",H35/30,IF(J35="Fco. 500 ml",H35/500,IF(J35="Fco. 200 ml",H35/200,IF(J35="Unidad",E35*$M$5," "))))))))) | L35: =+'R. E. C 7'!L19 -> 0 | M35: =+'R. E. C 7'!M19 -> 0
A36: TOTAL COSTO ACOMPAÑANTES | L36: =SUM(L29:L33) -> 0 | M36: =SUM(M29:M33) -> 0
A37: P R E P A R A C I Ó N
A40: Medio de Cocción | H40: Tipo de Cocción
A42: Método de Cocción | I42: Técnica de Cocción
A44: Tiempo de preparación:
A47: COSTEO
A48: COSTO TOTAL DE LA MATERIA PRIMA | M48: =+M27+M36 -> 145089.77
A49: MARGEN DE ERROR O VARIACIÓN en % (merma, procesos de limpieza y cocción) | L49: =AVERAGE(G7:G25) -> 0.9125 | M49: =+M48*L49 -> 132394.42
A50: COSTO DE MATERIA PRIMA | M50: =+M48 -> 145089.77
A51: MANO DE OBRA DIRECTA | I51: Valor Unidad | L51: =+Resumen!G7 -> 600076.35 | M51: =+L51*M4 -> 6000763.5
A52: COSTO INDIRECTO DEL SERVICIO | I52: Valor Unidad CIS | L52: =+Resumen!G9 -> 372700 | M52: =M4*L52 -> 3727000
A53: TOTAL COSTO DE PRODUCCIÓN | M53: =+SUM(M50:M52) -> 9872853.3
A54: COSTO UNITARIO DE PRODUCCIÓN | M54: =+M53/M4 -> 987285.33
A55: % DE GANANCIA ESTABLECIDO POR LA GERENCIA | M55: 0.6
A56: PRECIO POTENCIAL DE VENTA DE UNA PORCIÓN | M56: =M54/(1-M55) -> 2468213.3
A57: IMPUESTO AL CONSUMO | L57: 0.08 | M57: =+M56*L57 -> 197457.07
A58: PRECIO POTENCIAL DE VENTA CON EL IMPUESTO AL CONSUMO | M58: =(M56+M57) -> 2665670.4
A59: IMAGEN | E59: C O S T O S PA R A L A C A R T A
E60: Precio para la Carta de Cada Porción (por redondeo) | M60: =ROUND(M58,-3) -> 2666000
E61: Precio Real de Venta de Una Porción | M61: =ROUND(M56,-3) -> 2468000
E62: Impuesto al consuo generado al vender cada porción | L62: 0.08 | M62: =ROUND(M61*L62,-3) -> 197000
E63: O T R O S D A T O S A D M I N I S T R A T I V O S
E64: Peso porción en gramos | M64: =+SUM(E7:E26,E29:E33) -> 218
E65: % Real de Costo de Materia Prima | M65: =+M50/M53 -> 0.01469583

Sheet R. E. C 1
A1: RESTAURANTE EL CORRIENTAZO
A2: RECETA ESTÁNDAR (PLATO FUERTE)
A3: NOMBRE DE LA PREPARACIÓN: | K3: RECETA N° | M3: A25
A4: País | E4: Categoría | G4: Código | I4: Fecha | L4: N°. de porciones | M4: =+'Receta Estandar Principal'!M4 -> 10
A5: PREPARACIÓN PRINCIPAL
A6: CÓD. | B6: INGREDIENTES | E6: Cant. Por porcion | F6: Unidad de Medida | G6: % de Rendim. | H6: Cantidad Total Neta requerida | I6: Presupuesto de compras | J6: Presentación Comercial | K6: Costo cotizado | L6: Costo Por Porción | M6: VALOR TOTAL
A7: 1 | H7: =IFERROR(IF(G7<=100%, E7/G7, E7*G7), 0) * $M$4 -> 0 | I7: =IF(J7="Kilo",H7/1000,IF(J7="Saco x 50 Kg",H7/50000,IF(J7="Libra",H7/500,IF(J7="Caja x 30",H7/30,IF(J7="Litro",H7/1000,IF(J7="Galón",H7/3800,IF(J7="Onza",H7/30,IF(J7="Fco. 500 ml",H7/500,IF(J7="Fco. 400 Grs",H7/400,IF(J7="Fco. 200 Grs",H7/200,IF(J7="Fco. 200 ml",H7/200,IF(J7="Fco. 750 ml",H7/750,IF(J7="Fco. 125 ml",H7/125,IF(J7="Arroba",H7/12500,IF(J7="Unidad",H7/1," "))))))))))))))) | L7: =IF(ISERROR(M7/$M$4)," ",(M7/$M$4)) | M7: =IF(ISERROR(I7*K7)," ",I7*K7)
A8: 2 | H8: =IFERROR(IF(G8<=100%, E8/G8, E8*G8), 0) * $M$4 -> 0 | I8: =IF(J8="Kilo",H8/1000,IF(J8="Saco x 50 Kg",H8/50000,IF(J8="Libra",H8/500,IF(J8="Caja x 30",H8/30,IF(J8="Litro",H8/1000,IF(J8="Galón",H8/3800,IF(J8="Onza",H8/30,IF(J8="Fco. 500 ml",H8/500,IF(J8="Fco. 400 Grs",H8/400,IF(J8="Fco. 200 Grs",H8/200,IF(J8="Fco. 200 ml",H8/200,IF(J8="Fco. 750 ml",H8/750,IF(J8="Fco. 125 ml",H8/125,IF(J8="Arroba",H8/12500,IF(J8="Unidad",H8/1," "))))))))))))))) | L8: =IF(ISERROR(M8/$M$4)," ",(M8/$M$4)) | M8: =IF(ISERROR(I8*K8)," ",I8*K8)
A9: 3 | H9: =IFERROR(IF(G9<=100%, E9/G9, E9*G9), 0) * $M$4 -> 0 | I9: =IF(J9="Kilo",H9/1000,IF(J9="Saco x 50 Kg",H9/50000,IF(J9="Libra",H9/500,IF(J9="Caja x 30",H9/30,IF(J9="Litro",H9/1000,IF(J9="Galón",H9/3800,IF(J9="Onza",H9/30,IF(J9="Fco. 500 ml",H9/500,IF(J9="Fco. 400 Grs",H9/400,IF(J9="Fco. 200 Grs",H9/200,IF(J9="Fco. 200 ml",H9/200,IF(J9="Fco. 750 ml",H9/750,IF(J9="Fco. 125 ml",H9/125,IF(J9="Arroba",H9/12500,IF(J9="Unidad",H9/1," "))))))))))))))) | L9: =IF(ISERROR(M9/$M$4)," ",(M9/$M$4)) | M9: =IF(ISERROR(I9*K9)," ",I9*K9)
A10: 4 | H10: =IFERROR(IF(G10<=100%, E10/G10, E10*G10), 0) * $M$4 -> 0 | I10: =IF(J10="Kilo",H10/1000,IF(J10="Saco x 50 Kg",H10/50000,IF(J10="Libra",H10/500,IF(J10="Caja x 30",H10/30,IF(J10="Litro",H10/1000,IF(J10="Galón",H10/3800,IF(J10="Onza",H10/30,IF(J10="Fco. 500 ml",H10/500,IF(J10="Fco. 400 Grs",H10/400,IF(J10="Fco. 200 Grs",H10/200,IF(J10="Fco. 200 ml",H10/200,IF(J10="Fco. 750 ml",H10/750,IF(J10="Fco. 125 ml",H10/125,IF(J10="Arroba",H10/12500,IF(J10="Unidad",H10/1," "))))))))))))))) | L10: =IF(ISERROR(M10/$M$4)," ",(M10/$M$4)) | M10: =IF(ISERROR(I10*K10)," ",I10*K10)
A11: 5 | H11: =IFERROR(IF(G11<=100%, E11/G11, E11*G11), 0) * $M$4 -> 0 | I11: =IF(J11="Kilo",H11/1000,IF(J11="Saco x 50 Kg",H11/50000,IF(J11="Libra",H11/500,IF(J11="Caja x 30",H11/30,IF(J11="Litro",H11/1000,IF(J11="Galón",H11/3800,IF(J11="Onza",H11/30,IF(J11="Fco. 500 ml",H11/500,IF(J11="Fco. 400 Grs",H11/400,IF(J11="Fco. 200 Grs",H11/200,IF(J11="Fco. 200 ml",H11/200,IF(J11="Fco. 750 ml",H11/750,IF(J11="Fco. 125 ml",H11/125,IF(J11="Arroba",H11/12500,IF(J11="Unidad",H11/1," "))))))))))))))) | L11: =IF(ISERROR(M11/$M$4)," ",(M11/$M$4)) | M11: =IF(ISERROR(I11*K11)," ",I11*K11)
A12: 6 | H12: =IFERROR(IF(G12<=100%, E12/G12, E12*G12), 0) * $M$4 -> 0 | I12: =IF(J12="Kilo",H12/1000,IF(J12="Saco x 50 Kg",H12/50000,IF(J12="Libra",H12/500,IF(J12="Caja x 30",H12/30,IF(J12="Litro",H12/1000,IF(J12="Galón",H12/3800,IF(J12="Onza",H12/30,IF(J12="Fco. 500 ml",H12/500,IF(J12="Fco. 400 Grs",H12/400,IF(J12="Fco. 200 Grs",H12/200,IF(J12="Fco. 200 ml",H12/200,IF(J12="Fco. 750 ml",H12/750,IF(J12="Fco. 125 ml",H12/125,IF(J12="Arroba",H12/12500,IF(J12="Unidad",H12/1," "))))))))))))))) | L12: =IF(ISERROR(M12/$M$4)," ",(M12/$M$4)) | M12: =IF(ISERROR(I12*K12)," ",I12*K12)
A13: 7 | H13: =IFERROR(IF(G13<=100%, E13/G13, E13*G13), 0) * $M$4 -> 0 | I13: =IF(J13="Kilo",H13/1000,IF(J13="Saco x 50 Kg",H13/50000,IF(J13="Libra",H13/500,IF(J13="Caja x 30",H13/30,IF(J13="Litro",H13/1000,IF(J13="Galón",H13/3800,IF(J13="Onza",H13/30,IF(J13="Fco. 500 ml",H13/500,IF(J13="Fco. 400 Grs",H13/400,IF(J13="Fco. 200 Grs",H13/200,IF(J13="Fco. 200 ml",H13/200,IF(J13="Fco. 750 ml",H13/750,IF(J13="Fco. 125 ml",H13/125,IF(J13="Arroba",H13/12500,IF(J13="Unidad",H13/1," "))))))))))))))) | L13: =IF(ISERROR(M13/$M$4)," ",(M13/$M$4)) | M13: =IF(ISERROR(I13*K13)," ",I13*K13)
A14: 8 | H14: =IFERROR(IF(G14<=100%, E14/G14, E14*G14), 0) * $M$4 -> 0 | I14: =IF(J14="Kilo",H14/1000,IF(J14="Saco x 50 Kg",H14/50000,IF(J14="Libra",H14/500,IF(J14="Caja x 30",H14/30,IF(J14="Litro",H14/1000,IF(J14="Galón",H14/3800,IF(J14="Onza",H14/30,IF(J14="Fco. 500 ml",H14/500,IF(J14="Fco. 400 Grs",H14/400,IF(J14="Fco. 200 Grs",H14/200,IF(J14="Fco. 200 ml",H14/200,IF(J14="Fco. 750 ml",H14/750,IF(J14="Fco. 125 ml",H14/125,IF(J14="Arroba",H14/12500,IF(J14="Unidad",H14/1," "))))))))))))))) | L14: =IF(ISERROR(M14/$M$4)," ",(M14/$M$4)) | M14: =IF(ISERROR(I14*K14)," ",I14*K14)
A15: 9 | H15: =IFERROR(IF(G15<=100%, E15/G15, E15*G15), 0) * $M$4 -> 0 | I15: =IF(J15="Kilo",H15/1000,IF(J15="Saco x 50 Kg",H15/50000,IF(J15="Libra",H15/500,IF(J15="Caja x 30",H15/30,IF(J15="Litro",H15/1000,IF(J15="Galón",H15/3800,IF(J15="Onza",H15/30,IF(J15="Fco. 500 ml",H15/500,IF(J15="Fco. 400 Grs",H15/400,IF(J15="Fco. 200 Grs",H15/200,IF(J15="Fco. 200 ml",H15/200,IF(J15="Fco. 750 ml",H15/750,IF(J15="Fco. 125 ml",H15/125,IF(J15="Arroba",H15/12500,IF(J15="Unidad",H15/1," "))))))))))))))) | L15: =IF(ISERROR(M15/$M$4)," ",(M15/$M$4)) | M15: =IF(ISERROR(I15*K15)," ",I15*K15)
A16: 10 | H16: =IFERROR(IF(G16<=100%, E16/G16, E16*G16), 0) * $M$4 -> 0 | I16: =IF(J16="Kilo",H16/1000,IF(J16="Saco x 50 Kg",H16/50000,IF(J16="Libra",H16/500,IF(J16="Caja x 30",H16/30,IF(J16="Litro",H16/1000,IF(J16="Galón",H16/3800,IF(J16="Onza",H16/30,IF(J16="Fco. 500 ml",H16/500,IF(J16="Fco. 400 Grs",H16/400,IF(J16="Fco. 200 Grs",H16/200,IF(J16="Fco. 200 ml",H16/200,IF(J16="Fco. 750 ml",H16/750,IF(J16="Fco. 125 ml",H16/125,IF(J16="Arroba",H16/12500,IF(J16="Unidad",H16/1," "))))))))))))))) | L16: =IF(ISERROR(M16/$M$4)," ",(M16/$M$4)) | M16: =IF(ISERROR(I16*K16)," ",I16*K16)
A17: 11 | H17: =IFERROR(IF(G17<=100%, E17/G17, E17*G17), 0) * $M$4 -> 0 | I17: =IF(J17="Kilo",H17/1000,IF(J17="Saco x 50 Kg",H17/50000,IF(J17="Libra",H17/500,IF(J17="Caja x 30",H17/30,IF(J17="Litro",H17/1000,IF(J17="Galón",H17/3800,IF(J17="Onza",H17/30,IF(J17="Fco. 500 ml",H17/500,IF(J17="Fco. 400 Grs",H17/400,IF(J17="Fco. 200 Grs",H17/200,IF(J17="Fco. 200 ml",H17/200,IF(J17="Fco. 750 ml",H17/750,IF(J17="Fco. 125 ml",H17/125,IF(J17="Arroba",H17/12500,IF(J17="Unidad",H17/1," "))))))))))))))) | L17: =IF(ISERROR(M17/$M$4)," ",(M17/$M$4)) | M17: =IF(ISERROR(I17*K17)," ",I17*K17)
A18: 12 | H18: =IFERROR(IF(G18<=100%, E18/G18, E18*G18), 0) * $M$4 -> 0 | I18: =IF(J18="Kilo",H18/1000,IF(J18="Saco x 50 Kg",H18/50000,IF(J18="Libra",H18/500,IF(J18="Caja x 30",H18/30,IF(J18="Litro",H18/1000,IF(J18="Galón",H18/3800,IF(J18="Onza",H18/30,IF(J18="Fco. 500 ml",H18/500,IF(J18="Fco. 400 Grs",H18/400,IF(J18="Fco. 200 Grs",H18/200,IF(J18="Fco. 200 ml",H18/200,IF(J18="Fco. 750 ml",H18/750,IF(J18="Fco. 125 ml",H18/125,IF(J18="Arroba",H18/12500,IF(J18="Unidad",H18/1," "))))))))))))))) | L18: =IF(ISERROR(M18/$M$4)," ",(M18/$M$4)) | M18: =IF(ISERROR(I18*K18)," ",I18*K18)
A19: TOTAL COSTO DE LOS INSUMOS DE PRODUCCIÓN | L19: =SUM(L7:L18) -> 0 | M19: =SUM(M7:M18) -> 0

Sheet R. E. C 2
A1: RESTAURANTE EL CORRIENTAZO
A2: RECETA ESTÁNDA COMPLEMENTARIA
A3: NOMBRE DE LA PREPARACIÓN: | K3: RECETA N° | M3: A25
A4: País | E4: Categoría | G4: Código | H4: 454 | I4: Fecha | L4: N°. de porciones | M4: =+'Receta Estandar Principal'!M4 -> 10
A5: PREPARACIÓN PRINCIPAL
A6: CÓD. | B6: INGREDIENTES | E6: Cant. Por porcion | F6: Unidad de Medida | G6: % de Rendim. | H6: Cantidad Total Neta requerida | I6: Presupuesto de compras | J6: Presentación Comercial | K6: Costo cotizado | L6: Costo Por Porción | M6: VALOR TOTAL
A7: 1 | H7: =IFERROR(IF(G7<=100%, E7/G7, E7*G7), 0) * $M$4 -> 0 | I7: =IF(J7="Kilo",H7/1000,IF(J7="Saco x 50 Kg",H7/50000,IF(J7="Libra",H7/500,IF(J7="Caja x 30",H7/30,IF(J7="Litro",H7/1000,IF(J7="Galón",H7/3800,IF(J7="Onza",H7/30,IF(J7="Fco. 500 ml",H7/500,IF(J7="Fco. 400 Grs",H7/400,IF(J7="Fco. 200 Grs",H7/200,IF(J7="Fco. 200 ml",H7/200,IF(J7="Fco. 750 ml",H7/750,IF(J7="Fco. 125 ml",H7/125,IF(J7="Arroba",H7/12500,IF(J7="Unidad",H7/1," "))))))))))))))) | L7: =IF(ISERROR(M7/$M$4)," ",(M7/$M$4)) | M7: =IF(ISERROR(I7*K7)," ",I7*K7)
A8: 2 | H8: =IFERROR(IF(G8<=100%, E8/G8, E8*G8), 0) * $M$4 -> 0 | I8: =IF(J8="Kilo",H8/1000,IF(J8="Saco x 50 Kg",H8/50000,IF(J8="Libra",H8/500,IF(J8="Caja x 30",H8/30,IF(J8="Litro",H8/1000,IF(J8="Galón",H8/3800,IF(J8="Onza",H8/30,IF(J8="Fco. 500 ml",H8/500,IF(J8="Fco. 400 Grs",H8/400,IF(J8="Fco. 200 Grs",H8/200,IF(J8="Fco. 200 ml",H8/200,IF(J8="Fco. 750 ml",H8/750,IF(J8="Fco. 125 ml",H8/125,IF(J8="Arroba",H8/12500,IF(J8="Unidad",H8/1," "))))))))))))))) | L8: =IF(ISERROR(M8/$M$4)," ",(M8/$M$4)) | M8: =IF(ISERROR(I8*K8)," ",I8*K8)
A9: 3 | H9: =IFERROR(IF(G9<=100%, E9/G9, E9*G9), 0) * $M$4 -> 0 | I9: =IF(J9="Kilo",H9/1000,IF(J9="Saco x 50 Kg",H9/50000,IF(J9="Libra",H9/500,IF(J9="Caja x 30",H9/30,IF(J9="Litro",H9/1000,IF(J9="Galón",H9/3800,IF(J9="Onza",H9/30,IF(J9="Fco. 500 ml",H9/500,IF(J9="Fco. 400 Grs",H9/400,IF(J9="Fco. 200 Grs",H9/200,IF(J9="Fco. 200 ml",H9/200,IF(J9="Fco. 750 ml",H9/750,IF(J9="Fco. 125 ml",H9/125,IF(J9="Arroba",H9/12500,IF(J9="Unidad",H9/1," "))))))))))))))) | L9: =IF(ISERROR(M9/$M$4)," ",(M9/$M$4)) | M9: =IF(ISERROR(I9*K9)," ",I9*K9)
A10: 4 | H10: =IFERROR(IF(G10<=100%, E10/G10, E10*G10), 0) * $M$4 -> 0 | I10: =IF(J10="Kilo",H10/1000,IF(J10="Saco x 50 Kg",H10/50000,IF(J10="Libra",H10/500,IF(J10="Caja x 30",H10/30,IF(J10="Litro",H10/1000,IF(J10="Galón",H10/3800,IF(J10="Onza",H10/30,IF(J10="Fco. 500 ml",H10/500,IF(J10="Fco. 400 Grs",H10/400,IF(J10="Fco. 200 Grs",H10/200,IF(J10="Fco. 200 ml",H10/200,IF(J10="Fco. 750 ml",H10/750,IF(J10="Fco. 125 ml",H10/125,IF(J10="Arroba",H10/12500,IF(J10="Unidad",H10/1," "))))))))))))))) | L10: =IF(ISERROR(M10/$M$4)," ",(M10/$M$4)) | M10: =IF(ISERROR(I10*K10)," ",I10*K10)
A11: 5 | H11: =IFERROR(IF(G11<=100%, E11/G11, E11*G11), 0) * $M$4 -> 0 | I11: =IF(J11="Kilo",H11/1000,IF(J11="Saco x 50 Kg",H11/50000,IF(J11="Libra",H11/500,IF(J11="Caja x 30",H11/30,IF(J11="Litro",H11/1000,IF(J11="Galón",H11/3800,IF(J11="Onza",H11/30,IF(J11="Fco. 500 ml",H11/500,IF(J11="Fco. 400 Grs",H11/400,IF(J11="Fco. 200 Grs",H11/200,IF(J11="Fco. 200 ml",H11/200,IF(J11="Fco. 750 ml",H11/750,IF(J11="Fco. 125 ml",H11/125,IF(J11="Arroba",H11/12500,IF(J11="Unidad",H11/1," "))))))))))))))) | L11: =IF(ISERROR(M11/$M$4)," ",(M11/$M$4)) | M11: =IF(ISERROR(I11*K11)," ",I11*K11)
A12: 6 | H12: =IFERROR(IF(G12<=100%, E12/G12, E12*G12), 0) * $M$4 -> 0 | I12: =IF(J12="Kilo",H12/1000,IF(J12="Saco x 50 Kg",H12/50000,IF(J12="Libra",H12/500,IF(J12="Caja x 30",H12/30,IF(J12="Litro",H12/1000,IF(J12="Galón",H12/3800,IF(J12="Onza",H12/30,IF(J12="Fco. 500 ml",H12/500,IF(J12="Fco. 400 Grs",H12/400,IF(J12="Fco. 200 Grs",H12/200,IF(J12="Fco. 200 ml",H12/200,IF(J12="Fco. 750 ml",H12/750,IF(J12="Fco. 125 ml",H12/125,IF(J12="Arroba",H12/12500,IF(J12="Unidad",H12/1," "))))))))))))))) | L12: =IF(ISERROR(M12/$M$4)," ",(M12/$M$4)) | M12: =IF(ISERROR(I12*K12)," ",I12*K12)
A13: 7 | H13: =IFERROR(IF(G13<=100%, E13/G13, E13*G13), 0) * $M$4 -> 0 | I13: =IF(J13="Kilo",H13/1000,IF(J13="Saco x 50 Kg",H13/50000,IF(J13="Libra",H13/500,IF(J13="Caja x 30",H13/30,IF(J13="Litro",H13/1000,IF(J13="Galón",H13/3800,IF(J13="Onza",H13/30,IF(J13="Fco. 500 ml",H13/500,IF(J13="Fco. 400 Grs",H13/400,IF(J13="Fco. 200 Grs",H13/200,IF(J13="Fco. 200 ml",H13/200,IF(J13="Fco. 750 ml",H13/750,IF(J13="Fco. 125 ml",H13/125,IF(J13="Arroba",H13/12500,IF(J13="Unidad",H13/1," "))))))))))))))) | L13: =IF(ISERROR(M13/$M$4)," ",(M13/$M$4)) | M13: =IF(ISERROR(I13*K13)," ",I13*K13)
A14: 8 | H14: =IFERROR(IF(G14<=100%, E14/G14, E14*G14), 0) * $M$4 -> 0 | I14: =IF(J14="Kilo",H14/1000,IF(J14="Saco x 50 Kg",H14/50000,IF(J14="Libra",H14/500,IF(J14="Caja x 30",H14/30,IF(J14="Litro",H14/1000,IF(J14="Galón",H14/3800,IF(J14="Onza",H14/30,IF(J14="Fco. 500 ml",H14/500,IF(J14="Fco. 400 Grs",H14/400,IF(J14="Fco. 200 Grs",H14/200,IF(J14="Fco. 200 ml",H14/200,IF(J14="Fco. 750 ml",H14/750,IF(J14="Fco. 125 ml",H14/125,IF(J14="Arroba",H14/12500,IF(J14="Unidad",H14/1," "))))))))))))))) | L14: =IF(ISERROR(M14/$M$4)," ",(M14/$M$4)) | M14: =IF(ISERROR(I14*K14)," ",I14*K14)
A15: 9 | H15: =IFERROR(IF(G15<=100%, E15/G15, E15*G15), 0) * $M$4 -> 0 | I15: =IF(J15="Kilo",H15/1000,IF(J15="Saco x 50 Kg",H15/50000,IF(J15="Libra",H15/500,IF(J15="Caja x 30",H15/30,IF(J15="Litro",H15/1000,IF(J15="Galón",H15/3800,IF(J15="Onza",H15/30,IF(J15="Fco. 500 ml",H15/500,IF(J15="Fco. 400 Grs",H15/400,IF(J15="Fco. 200 Grs",H15/200,IF(J15="Fco. 200 ml",H15/200,IF(J15="Fco. 750 ml",H15/750,IF(J15="Fco. 125 ml",H15/125,IF(J15="Arroba",H15/12500,IF(J15="Unidad",H15/1," "))))))))))))))) | L15: =IF(ISERROR(M15/$M$4)," ",(M15/$M$4)) | M15: =IF(ISERROR(I15*K15)," ",I15*K15)
A16: 10 | H16: =IFERROR(IF(G16<=100%, E16/G16, E16*G16), 0) * $M$4 -> 0 | I16: =IF(J16="Kilo",H16/1000,IF(J16="Saco x 50 Kg",H16/50000,IF(J16="Libra",H16/500,IF(J16="Caja x 30",H16/30,IF(J16="Litro",H16/1000,IF(J16="Galón",H16/3800,IF(J16="Onza",H16/30,IF(J16="Fco. 500 ml",H16/500,IF(J16="Fco. 400 Grs",H16/400,IF(J16="Fco. 200 Grs",H16/200,IF(J16="Fco. 200 ml",H16/200,IF(J16="Fco. 750 ml",H16/750,IF(J16="Fco. 125 ml",H16/125,IF(J16="Arroba",H16/12500,IF(J16="Unidad",H16/1," "))))))))))))))) | L16: =IF(ISERROR(M16/$M$4)," ",(M16/$M$4)) | M16: =IF(ISERROR(I16*K16)," ",I16*K16)
A17: 11 | H17: =IFERROR(IF(G17<=100%, E17/G17, E17*G17), 0) * $M$4 -> 0 | I17: =IF(J17="Kilo",H17/1000,IF(J17="Saco x 50 Kg",H17/50000,IF(J17="Libra",H17/500,IF(J17="Caja x 30",H17/30,IF(J17="Litro",H17/1000,IF(J17="Galón",H17/3800,IF(J17="Onza",H17/30,IF(J17="Fco. 500 ml",H17/500,IF(J17="Fco. 400 Grs",H17/400,IF(J17="Fco. 200 Grs",H17/200,IF(J17="Fco. 200 ml",H17/200,IF(J17="Fco. 750 ml",H17/750,IF(J17="Fco. 125 ml",H17/125,IF(J17="Arroba",H17/12500,IF(J17="Unidad",H17/1," "))))))))))))))) | L17: =IF(ISERROR(M17/$M$4)," ",(M17/$M$4)) | M17: =IF(ISERROR(I17*K17)," ",I17*K17)
A18: 12 | H18: =IFERROR(IF(G18<=100%, E18/G18, E18*G18), 0) * $M$4 -> 0 | I18: =IF(J18="Kilo",H18/1000,IF(J18="Saco x 50 Kg",H18/50000,IF(J18="Libra",H18/500,IF(J18="Caja x 30",H18/30,IF(J18="Litro",H18/1000,IF(J18="Galón",H18/3800,IF(J18="Onza",H18/30,IF(J18="Fco. 500 ml",H18/500,IF(J18="Fco. 400 Grs",H18/400,IF(J18="Fco. 200 Grs",H18/200,IF(J18="Fco. 200 ml",H18/200,IF(J18="Fco. 750 ml",H18/750,IF(J18="Fco. 125 ml",H18/125,IF(J18="Arroba",H18/12500,IF(J18="Unidad",H18/1," "))))))))))))))) | L18: =IF(ISERROR(M18/$M$4)," ",(M18/$M$4)) | M18: =IF(ISERROR(I18*K18)," ",I18*K18)
A19: TOTAL COSTO DE LOS INSUMOS DE PRODUCCIÓN | L19: =SUM(L7:L18) -> 0 | M19: =SUM(M7:M18) -> 0

Sheet R. E. C  3
A1: RESTAURANTE EL CORRIENTAZO
A2: RECETA ESTÁNDA COMPLEMENTARIA
A3: NOMBRE DE LA PREPARACIÓN: | K3: RECETA N° | M3: A25
A4: País | E4: Categoría | G4: Código | I4: Fecha | L4: N°. de porciones | M4: =+'Receta Estandar Principal'!M4 -> 10
A5: PREPARACIÓN PRINCIPAL
A6: CÓD. | B6: INGREDIENTES | E6: Cant. Por porcion | F6: Unidad de Medida | G6: % de Rendim. | H6: Cantidad Total Neta requerida | I6: Presupuesto de compras | J6: Presentación Comercial | K6: Costo cotizado | L6: Costo Por Porción | M6: VALOR TOTAL
A7: 1 | H7: =IFERROR(IF(G7<=100%, E7/G7, E7*G7), 0) * $M$4 -> 0 | I7: =IF(J7="Kilo",H7/1000,IF(J7="Saco x 50 Kg",H7/50000,IF(J7="Libra",H7/500,IF(J7="Caja x 30",H7/30,IF(J7="Litro",H7/1000,IF(J7="Galón",H7/3800,IF(J7="Onza",H7/30,IF(J7="Fco. 500 ml",H7/500,IF(J7="Fco. 400 Grs",H7/400,IF(J7="Fco. 200 Grs",H7/200,IF(J7="Fco. 200 ml",H7/200,IF(J7="Fco. 750 ml",H7/750,IF(J7="Fco. 125 ml",H7/125,IF(J7="Arroba",H7/12500,IF(J7="Unidad",H7/1," "))))))))))))))) | L7: =IF(ISERROR(M7/$M$4)," ",(M7/$M$4)) | M7: =IF(ISERROR(I7*K7)," ",I7*K7)
A8: 2 | H8: =IFERROR(IF(G8<=100%, E8/G8, E8*G8), 0) * $M$4 -> 0 | I8: =IF(J8="Kilo",H8/1000,IF(J8="Saco x 50 Kg",H8/50000,IF(J8="Libra",H8/500,IF(J8="Caja x 30",H8/30,IF(J8="Litro",H8/1000,IF(J8="Galón",H8/3800,IF(J8="Onza",H8/30,IF(J8="Fco. 500 ml",H8/500,IF(J8="Fco. 400 Grs",H8/400,IF(J8="Fco. 200 Grs",H8/200,IF(J8="Fco. 200 ml",H8/200,IF(J8="Fco. 750 ml",H8/750,IF(J8="Fco. 125 ml",H8/125,IF(J8="Arroba",H8/12500,IF(J8="Unidad",H8/1," "))))))))))))))) | L8: =IF(ISERROR(M8/$M$4)," ",(M8/$M$4)) | M8: =IF(ISERROR(I8*K8)," ",I8*K8)
A9: 3 | H9: =IFERROR(IF(G9<=100%, E9/G9, E9*G9), 0) * $M$4 -> 0 | I9: =IF(J9="Kilo",H9/1000,IF(J9="Saco x 50 Kg",H9/50000,IF(J9="Libra",H9/500,IF(J9="Caja x 30",H9/30,IF(J9="Litro",H9/1000,IF(J9="Galón",H9/3800,IF(J9="Onza",H9/30,IF(J9="Fco. 500 ml",H9/500,IF(J9="Fco. 400 Grs",H9/400,IF(J9="Fco. 200 Grs",H9/200,IF(J9="Fco. 200 ml",H9/200,IF(J9="Fco. 750 ml",H9/750,IF(J9="Fco. 125 ml",H9/125,IF(J9="Arroba",H9/12500,IF(J9="Unidad",H9/1," "))))))))))))))) | L9: =IF(ISERROR(M9/$M$4)," ",(M9/$M$4)) | M9: =IF(ISERROR(I9*K9)," ",I9*K9)
A10: 4 | H10: =IFERROR(IF(G10<=100%, E10/G10, E10*G10), 0) * $M$4 -> 0 | I10: =IF(J10="Kilo",H10/1000,IF(J10="Saco x 50 Kg",H10/50000,IF(J10="Libra",H10/500,IF(J10="Caja x 30",H10/30,IF(J10="Litro",H10/1000,IF(J10="Galón",H10/3800,IF(J10="Onza",H10/30,IF(J10="Fco. 500 ml",H10/500,IF(J10="Fco. 400 Grs",H10/400,IF(J10="Fco. 200 Grs",H10/200,IF(J10="Fco. 200 ml",H10/200,IF(J10="Fco. 750 ml",H10/750,IF(J10="Fco. 125 ml",H10/125,IF(J10="Arroba",H10/12500,IF(J10="Unidad",H10/1," "))))))))))))))) | L10: =IF(ISERROR(M10/$M$4)," ",(M10/$M$4)) | M10: =IF(ISERROR(I10*K10)," ",I10*K10)
A11: 5 | H11: =IFERROR(IF(G11<=100%, E11/G11, E11*G11), 0) * $M$4 -> 0 | I11: =IF(J11="Kilo",H11/1000,IF(J11="Saco x 50 Kg",H11/50000,IF(J11="Libra",H11/500,IF(J11="Caja x 30",H11/30,IF(J11="Litro",H11/1000,IF(J11="Galón",H11/3800,IF(J11="Onza",H11/30,IF(J11="Fco. 500 ml",H11/500,IF(J11="Fco. 400 Grs",H11/400,IF(J11="Fco. 200 Grs",H11/200,IF(J11="Fco. 200 ml",H11/200,IF(J11="Fco. 750 ml",H11/750,IF(J11="Fco. 125 ml",H11/125,IF(J11="Arroba",H11/12500,IF(J11="Unidad",H11/1," "))))))))))))))) | L11: =IF(ISERROR(M11/$M$4)," ",(M11/$M$4)) | M11: =IF(ISERROR(I11*K11)," ",I11*K11)
A12: 6 | H12: =IFERROR(IF(G12<=100%, E12/G12, E12*G12), 0) * $M$4 -> 0 | I12: =IF(J12="Kilo",H12/1000,IF(J12="Saco x 50 Kg",H12/50000,IF(J12="Libra",H12/500,IF(J12="Caja x 30",H12/30,IF(J12="Litro",H12/1000,IF(J12="Galón",H12/3800,IF(J12="Onza",H12/30,IF(J12="Fco. 500 ml",H12/500,IF(J12="Fco. 400 Grs",H12/400,IF(J12="Fco. 200 Grs",H12/200,IF(J12="Fco. 200 ml",H12/200,IF(J12="Fco. 750 ml",H12/750,IF(J12="Fco. 125 ml",H12/125,IF(J12="Arroba",H12/12500,IF(J12="Unidad",H12/1," "))))))))))))))) | L12: =IF(ISERROR(M12/$M$4)," ",(M12/$M$4)) | M12: =IF(ISERROR(I12*K12)," ",I12*K12)
A13: 7 | H13: =IFERROR(IF(G13<=100%, E13/G13, E13*G13), 0) * $M$4 -> 0 | I13: =IF(J13="Kilo",H13/1000,IF(J13="Saco x 50 Kg",H13/50000,IF(J13="Libra",H13/500,IF(J13="Caja x 30",H13/30,IF(J13="Litro",H13/1000,IF(J13="Galón",H13/3800,IF(J13="Onza",H13/30,IF(J13="Fco. 500 ml",H13/500,IF(J13="Fco. 400 Grs",H13/400,IF(J13="Fco. 200 Grs",H13/200,IF(J13="Fco. 200 ml",H13/200,IF(J13="Fco. 750 ml",H13/750,IF(J13="Fco. 125 ml",H13/125,IF(J13="Arroba",H13/12500,IF(J13="Unidad",H13/1," "))))))))))))))) | L13: =IF(ISERROR(M13/$M$4)," ",(M13/$M$4)) | M13: =IF(ISERROR(I13*K13)," ",I13*K13)
A14: 8 | H14: =IFERROR(IF(G14<=100%, E14/G14, E14*G14), 0) * $M$4 -> 0 | I14: =IF(J14="Kilo",H14/1000,IF(J14="Saco x 50 Kg",H14/50000,IF(J14="Libra",H14/500,IF(J14="Caja x 30",H14/30,IF(J14="Litro",H14/1000,IF(J14="Galón",H14/3800,IF(J14="Onza",H14/30,IF(J14="Fco. 500 ml",H14/500,IF(J14="Fco. 400 Grs",H14/400,IF(J14="Fco. 200 Grs",H14/200,IF(J14="Fco. 200 ml",H14/200,IF(J14="Fco. 750 ml",H14/750,IF(J14="Fco. 125 ml",H14/125,IF(J14="Arroba",H14/12500,IF(J14="Unidad",H14/1," "))))))))))))))) | L14: =IF(ISERROR(M14/$M$4)," ",(M14/$M$4)) | M14: =IF(ISERROR(I14*K14)," ",I14*K14)
A15: 9 | H15: =IFERROR(IF(G15<=100%, E15/G15, E15*G15), 0) * $M$4 -> 0 | I15: =IF(J15="Kilo",H15/1000,IF(J15="Saco x 50 Kg",H15/50000,IF(J15="Libra",H15/500,IF(J15="Caja x 30",H15/30,IF(J15="Litro",H15/1000,IF(J15="Galón",H15/3800,IF(J15="Onza",H15/30,IF(J15="Fco. 500 ml",H15/500,IF(J15="Fco. 400 Grs",H15/400,IF(J15="Fco. 200 Grs",H15/200,IF(J15="Fco. 200 ml",H15/200,IF(J15="Fco. 750 ml",H15/750,IF(J15="Fco. 125 ml",H15/125,IF(J15="Arroba",H15/12500,IF(J15="Unidad",H15/1," "))))))))))))))) | L15: =IF(ISERROR(M15/$M$4)," ",(M15/$M$4)) | M15: =IF(ISERROR(I15*K15)," ",I15*K15)
A16: 10 | H16: =IFERROR(IF(G16<=100%, E16/G16, E16*G16), 0) * $M$4 -> 0 | I16: =IF(J16="Kilo",H16/1000,IF(J16="Saco x 50 Kg",H16/50000,IF(J16="Libra",H16/500,IF(J16="Caja x 30",H16/30,IF(J16="Litro",H16/1000,IF(J16="Galón",H16/3800,IF(J16="Onza",H16/30,IF(J16="Fco. 500 ml",H16/500,IF(J16="Fco. 400 Grs",H16/400,IF(J16="Fco. 200 Grs",H16/200,IF(J16="Fco. 200 ml",H16/200,IF(J16="Fco. 750 ml",H16/750,IF(J16="Fco. 125 ml",H16/125,IF(J16="Arroba",H16/12500,IF(J16="Unidad",H16/1," "))))))))))))))) | L16: =IF(ISERROR(M16/$M$4)," ",(M16/$M$4)) | M16: =IF(ISERROR(I16*K16)," ",I16*K16)
A17: 11 | H17: =IFERROR(IF(G17<=100%, E17/G17, E17*G17), 0) * $M$4 -> 0 | I17: =IF(J17="Kilo",H17/1000,IF(J17="Saco x 50 Kg",H17/50000,IF(J17="Libra",H17/500,IF(J17="Caja x 30",H17/30,IF(J17="Litro",H17/1000,IF(J17="Galón",H17/3800,IF(J17="Onza",H17/30,IF(J17="Fco. 500 ml",H17/500,IF(J17="Fco. 400 Grs",H17/400,IF(J17="Fco. 200 Grs",H17/200,IF(J17="Fco. 200 ml",H17/200,IF(J17="Fco. 750 ml",H17/750,IF(J17="Fco. 125 ml",H17/125,IF(J17="Arroba",H17/12500,IF(J17="Unidad",H17/1," "))))))))))))))) | L17: =IF(ISERROR(M17/$M$4)," ",(M17/$M$4)) | M17: =IF(ISERROR(I17*K17)," ",I17*K17)
A18: 12 | H18: =IFERROR(IF(G18<=100%, E18/G18, E18*G18), 0) * $M$4 -> 0 | I18: =IF(J18="Kilo",H18/1000,IF(J18="Saco x 50 Kg",H18/50000,IF(J18="Libra",H18/500,IF(J18="Caja x 30",H18/30,IF(J18="Litro",H18/1000,IF(J18="Galón",H18/3800,IF(J18="Onza",H18/30,IF(J18="Fco. 500 ml",H18/500,IF(J18="Fco. 400 Grs",H18/400,IF(J18="Fco. 200 Grs",H18/200,IF(J18="Fco. 200 ml",H18/200,IF(J18="Fco. 750 ml",H18/750,IF(J18="Fco. 125 ml",H18/125,IF(J18="Arroba",H18/12500,IF(J18="Unidad",H18/1," "))))))))))))))) | L18: =IF(ISERROR(M18/$M$4)," ",(M18/$M$4)) | M18: =IF(ISERROR(I18*K18)," ",I18*K18)
A19: TOTAL COSTO DE LOS INSUMOS DE PRODUCCIÓN | L19: =SUM(L7:L18) -> 0 | M19: =SUM(M7:M18) -> 0

Sheet R. E. C  4
A1: RESTAURANTE EL CORRIENTAZO
A2: RECETA ESTÁNDA COMPLEMENTARIA
A3: NOMBRE DE LA PREPARACIÓN: | K3: RECETA N° | M3: A25
A4: País | E4: Categoría | G4: Código | I4: Fecha | L4: N°. de porciones | M4: =+'Receta Estandar Principal'!M4 -> 10
A5: PREPARACIÓN PRINCIPAL
A6: CÓD. | B6: INGREDIENTES | E6: Cant. Por porcion | F6: Unidad de Medida | G6: % de Rendim. | H6: Cantidad Total Neta requerida | I6: Presupuesto de compras | J6: Presentación Comercial | K6: Costo cotizado | L6: Costo Por Porción | M6: VALOR TOTAL
A7: 1 | H7: =IFERROR(IF(G7<=100%, E7/G7, E7*G7), 0) * $M$4 -> 0 | I7: =IF(J7="Kilo",H7/1000,IF(J7="Saco x 50 Kg",H7/50000,IF(J7="Libra",H7/500,IF(J7="Caja x 30",H7/30,IF(J7="Litro",H7/1000,IF(J7="Galón",H7/3800,IF(J7="Onza",H7/30,IF(J7="Fco. 500 ml",H7/500,IF(J7="Fco. 400 Grs",H7/400,IF(J7="Fco. 200 Grs",H7/200,IF(J7="Fco. 200 ml",H7/200,IF(J7="Fco. 750 ml",H7/750,IF(J7="Fco. 125 ml",H7/125,IF(J7="Arroba",H7/12500,IF(J7="Unidad",H7/1," "))))))))))))))) | L7: =IF(ISERROR(M7/$M$4)," ",(M7/$M$4)) | M7: =IF(ISERROR(I7*K7)," ",I7*K7)
A8: 2 | H8: =IFERROR(IF(G8<=100%, E8/G8, E8*G8), 0) * $M$4 -> 0 | I8: =IF(J8="Kilo",H8/1000,IF(J8="Saco x 50 Kg",H8/50000,IF(J8="Libra",H8/500,IF(J8="Caja x 30",H8/30,IF(J8="Litro",H8/1000,IF(J8="Galón",H8/3800,IF(J8="Onza",H8/30,IF(J8="Fco. 500 ml",H8/500,IF(J8="Fco. 400 Grs",H8/400,IF(J8="Fco. 200 Grs",H8/200,IF(J8="Fco. 200 ml",H8/200,IF(J8="Fco. 750 ml",H8/750,IF(J8="Fco. 125 ml",H8/125,IF(J8="Arroba",H8/12500,IF(J8="Unidad",H8/1," "))))))))))))))) | L8: =IF(ISERROR(M8/$M$4)," ",(M8/$M$4)) | M8: =IF(ISERROR(I8*K8)," ",I8*K8)
A9: 3 | H9: =IFERROR(IF(G9<=100%, E9/G9, E9*G9), 0) * $M$4 -> 0 | I9: =IF(J9="Kilo",H9/1000,IF(J9="Saco x 50 Kg",H9/50000,IF(J9="Libra",H9/500,IF(J9="Caja x 30",H9/30,IF(J9="Litro",H9/1000,IF(J9="Galón",H9/3800,IF(J9="Onza",H9/30,IF(J9="Fco. 500 ml",H9/500,IF(J9="Fco. 400 Grs",H9/400,IF(J9="Fco. 200 Grs",H9/200,IF(J9="Fco. 200 ml",H9/200,IF(J9="Fco. 750 ml",H9/750,IF(J9="Fco. 125 ml",H9/125,IF(J9="Arroba",H9/12500,IF(J9="Unidad",H9/1," "))))))))))))))) | L9: =IF(ISERROR(M9/$M$4)," ",(M9/$M$4)) | M9: =IF(ISERROR(I9*K9)," ",I9*K9)
A10: 4 | H10: =IFERROR(IF(G10<=100%, E10/G10, E10*G10), 0) * $M$4 -> 0 | I10: =IF(J10="Kilo",H10/1000,IF(J10="Saco x 50 Kg",H10/50000,IF(J10="Libra",H10/500,IF(J10="Caja x 30",H10/30,IF(J10="Litro",H10/1000,IF(J10="Galón",H10/3800,IF(J10="Onza",H10/30,IF(J10="Fco. 500 ml",H10/500,IF(J10="Fco. 400 Grs",H10/400,IF(J10="Fco. 200 Grs",H10/200,IF(J10="Fco. 200 ml",H10/200,IF(J10="Fco. 750 ml",H10/750,IF(J10="Fco. 125 ml",H10/125,IF(J10="Arroba",H10/12500,IF(J10="Unidad",H10/1," "))))))))))))))) | L10: =IF(ISERROR(M10/$M$4)," ",(M10/$M$4)) | M10: =IF(ISERROR(I10*K10)," ",I10*K10)
A11: 5 | H11: =IFERROR(IF(G11<=100%, E11/G11, E11*G11), 0) * $M$4 -> 0 | I11: =IF(J11="Kilo",H11/1000,IF(J11="Saco x 50 Kg",H11/50000,IF(J11="Libra",H11/500,IF(J11="Caja x 30",H11/30,IF(J11="Litro",H11/1000,IF(J11="Galón",H11/3800,IF(J11="Onza",H11/30,IF(J11="Fco. 500 ml",H11/500,IF(J11="Fco. 400 Grs",H11/400,IF(J11="Fco. 200 Grs",H11/200,IF(J11="Fco. 200 ml",H11/200,IF(J11="Fco. 750 ml",H11/750,IF(J11="Fco. 125 ml",H11/125,IF(J11="Arroba",H11/12500,IF(J11="Unidad",H11/1," "))))))))))))))) | L11: =IF(ISERROR(M11/$M$4)," ",(M11/$M$4)) | M11: =IF(ISERROR(I11*K11)," ",I11*K11)
A12: 6 | H12: =IFERROR(IF(G12<=100%, E12/G12, E12*G12), 0) * $M$4 -> 0 | I12: =IF(J12="Kilo",H12/1000,IF(J12="Saco x 50 Kg",H12/50000,IF(J12="Libra",H12/500,IF(J12="Caja x 30",H12/30,IF(J12="Litro",H12/1000,IF(J12="Galón",H12/3800,IF(J12="Onza",H12/30,IF(J12="Fco. 500 ml",H12/500,IF(J12="Fco. 400 Grs",H12/400,IF(J12="Fco. 200 Grs",H12/200,IF(J12="Fco. 200 ml",H12/200,IF(J12="Fco. 750 ml",H12/750,IF(J12="Fco. 125 ml",H12/125,IF(J12="Arroba",H12/12500,IF(J12="Unidad",H12/1," "))))))))))))))) | L12: =IF(ISERROR(M12/$M$4)," ",(M12/$M$4)) | M12: =IF(ISERROR(I12*K12)," ",I12*K12)
A13: 7 | H13: =IFERROR(IF(G13<=100%, E13/G13, E13*G13), 0) * $M$4 -> 0 | I13: =IF(J13="Kilo",H13/1000,IF(J13="Saco x 50 Kg",H13/50000,IF(J13="Libra",H13/500,IF(J13="Caja x 30",H13/30,IF(J13="Litro",H13/1000,IF(J13="Galón",H13/3800,IF(J13="Onza",H13/30,IF(J13="Fco. 500 ml",H13/500,IF(J13="Fco. 400 Grs",H13/400,IF(J13="Fco. 200 Grs",H13/200,IF(J13="Fco. 200 ml",H13/200,IF(J13="Fco. 750 ml",H13/750,IF(J13="Fco. 125 ml",H13/125,IF(J13="Arroba",H13/12500,IF(J13="Unidad",H13/1," "))))))))))))))) | L13: =IF(ISERROR(M13/$M$4)," ",(M13/$M$4)) | M13: =IF(ISERROR(I13*K13)," ",I13*K13)
A14: 8 | H14: =IFERROR(IF(G14<=100%, E14/G14, E14*G14), 0) * $M$4 -> 0 | I14: =IF(J14="Kilo",H14/1000,IF(J14="Saco x 50 Kg",H14/50000,IF(J14="Libra",H14/500,IF(J14="Caja x 30",H14/30,IF(J14="Litro",H14/1000,IF(J14="Galón",H14/3800,IF(J14="Onza",H14/30,IF(J14="Fco. 500 ml",H14/500,IF(J14="Fco. 400 Grs",H14/400,IF(J14="Fco. 200 Grs",H14/200,IF(J14="Fco. 200 ml",H14/200,IF(J14="Fco. 750 ml",H14/750,IF(J14="Fco. 125 ml",H14/125,IF(J14="Arroba",H14/12500,IF(J14="Unidad",H14/1," "))))))))))))))) | L14: =IF(ISERROR(M14/$M$4)," ",(M14/$M$4)) | M14: =IF(ISERROR(I14*K14)," ",I14*K14)
A15: 9 | H15: =IFERROR(IF(G15<=100%, E15/G15, E15*G15), 0) * $M$4 -> 0 | I15: =IF(J15="Kilo",H15/1000,IF(J15="Saco x 50 Kg",H15/50000,IF(J15="Libra",H15/500,IF(J15="Caja x 30",H15/30,IF(J15="Litro",H15/1000,IF(J15="Galón",H15/3800,IF(J15="Onza",H15/30,IF(J15="Fco. 500 ml",H15/500,IF(J15="Fco. 400 Grs",H15/400,IF(J15="Fco. 200 Grs",H15/200,IF(J15="Fco. 200 ml",H15/200,IF(J15="Fco. 750 ml",H15/750,IF(J15="Fco. 125 ml",H15/125,IF(J15="Arroba",H15/12500,IF(J15="Unidad",H15/1," "))))))))))))))) | L15: =IF(ISERROR(M15/$M$4)," ",(M15/$M$4)) | M15: =IF(ISERROR(I15*K15)," ",I15*K15)
A16: 10 | H16: =IFERROR(IF(G16<=100%, E16/G16, E16*G16), 0) * $M$4 -> 0 | I16: =IF(J16="Kilo",H16/1000,IF(J16="Saco x 50 Kg",H16/50000,IF(J16="Libra",H16/500,IF(J16="Caja x 30",H16/30,IF(J16="Litro",H16/1000,IF(J16="Galón",H16/3800,IF(J16="Onza",H16/30,IF(J16="Fco. 500 ml",H16/500,IF(J16="Fco. 400 Grs",H16/400,IF(J16="Fco. 200 Grs",H16/200,IF(J16="Fco. 200 ml",H16/200,IF(J16="Fco. 750 ml",H16/750,IF(J16="Fco. 125 ml",H16/125,IF(J16="Arroba",H16/12500,IF(J16="Unidad",H16/1," "))))))))))))))) | L16: =IF(ISERROR(M16/$M$4)," ",(M16/$M$4)) | M16: =IF(ISERROR(I16*K16)," ",I16*K16)
A17: 11 | H17: =IFERROR(IF(G17<=100%, E17/G17, E17*G17), 0) * $M$4 -> 0 | I17: =IF(J17="Kilo",H17/1000,IF(J17="Saco x 50 Kg",H17/50000,IF(J17="Libra",H17/500,IF(J17="Caja x 30",H17/30,IF(J17="Litro",H17/1000,IF(J17="Galón",H17/3800,IF(J17="Onza",H17/30,IF(J17="Fco. 500 ml",H17/500,IF(J17="Fco. 400 Grs",H17/400,IF(J17="Fco. 200 Grs",H17/200,IF(J17="Fco. 200 ml",H17/200,IF(J17="Fco. 750 ml",H17/750,IF(J17="Fco. 125 ml",H17/125,IF(J17="Arroba",H17/12500,IF(J17="Unidad",H17/1," "))))))))))))))) | L17: =IF(ISERROR(M17/$M$4)," ",(M17/$M$4)) | M17: =IF(ISERROR(I17*K17)," ",I17*K17)
A18: 12 | H18: =IFERROR(IF(G18<=100%, E18/G18, E18*G18), 0) * $M$4 -> 0 | I18: =IF(J18="Kilo",H18/1000,IF(J18="Saco x 50 Kg",H18/50000,IF(J18="Libra",H18/500,IF(J18="Caja x 30",H18/30,IF(J18="Litro",H18/1000,IF(J18="Galón",H18/3800,IF(J18="Onza",H18/30,IF(J18="Fco. 500 ml",H18/500,IF(J18="Fco. 400 Grs",H18/400,IF(J18="Fco. 200 Grs",H18/200,IF(J18="Fco. 200 ml",H18/200,IF(J18="Fco. 750 ml",H18/750,IF(J18="Fco. 125 ml",H18/125,IF(J18="Arroba",H18/12500,IF(J18="Unidad",H18/1," "))))))))))))))) | L18: =IF(ISERROR(M18/$M$4)," ",(M18/$M$4)) | M18: =IF(ISERROR(I18*K18)," ",I18*K18)
A19: TOTAL COSTO DE LOS INSUMOS DE PRODUCCIÓN | L19: =SUM(L7:L18) -> 0 | M19: =SUM(M7:M18) -> 0

Sheet R. E. C  5
A1: RESTAURANTE EL CORRIENTAZO
A2: RECETA ESTÁNDA COMPLEMENTARIA
A3: NOMBRE DE LA PREPARACIÓN: | K3: RECETA N° | M3: A25
A4: País | E4: Categoría | G4: Código | I4: Fecha | L4: N°. de porciones | M4: =+'Receta Estandar Principal'!M4 -> 10
A5: PREPARACIÓN PRINCIPAL
A6: CÓD. | B6: INGREDIENTES | E6: Cant. Por porcion | F6: Unidad de Medida | G6: % de merma | H6: Cantidad Total Neta requerida | I6: Presupuesto de compras | J6: Presentación Comercial | K6: Costo cotizado | L6: Costo Por Porción | M6: VALOR TOTAL
A7: 1 | H7: =$M$4*E7*((G7)+1) -> 0 | I7: =IF(J7="Kilo",H7/1000,IF(J7="Libra",H7/500,IF(J7="Litro",H7/1000,IF(J7="Galón",H7/3800,IF(J7="Onza",H7/30,IF(J7="Fco. 500 ml",H7/500,IF(J7="Fco. 400 Grs",H7/400,IF(J7="Fco. 200 Grs",H7/200,IF(J7="Fco. 200 ml",H7/200,IF(J7="Fco. 750 ml",H7/750,IF(J7="Fco. 125 ml",H7/125,IF(J7="Arroba",H7/12500,IF(J7="Unidad",H7/1," "))))))))))))) | L7: =IF(ISERROR(M7/$M$4)," ",(M7/$M$4)) | M7: =IF(ISERROR(I7*K7)," ",I7*K7)
A8: 2 | H8: =$M$4*E8*((G8)+1) -> 0 | I8: =IF(J8="Kilo",H8/1000,IF(J8="Libra",H8/500,IF(J8="Litro",H8/1000,IF(J8="Galón",H8/3800,IF(J8="Onza",H8/30,IF(J8="Fco. 500 ml",H8/500,IF(J8="Fco. 400 Grs",H8/400,IF(J8="Fco. 200 Grs",H8/200,IF(J8="Fco. 200 ml",H8/200,IF(J8="Fco. 750 ml",H8/750,IF(J8="Fco. 125 ml",H8/125,IF(J8="Arroba",H8/12500,IF(J8="Unidad",H8/1," "))))))))))))) | L8: =IF(ISERROR(M8/$M$4)," ",(M8/$M$4)) | M8: =IF(ISERROR(I8*K8)," ",I8*K8)
A9: 3 | H9: =$M$4*E9*((G9)+1) -> 0 | I9: =IF(J9="Kilo",H9/1000,IF(J9="Libra",H9/500,IF(J9="Litro",H9/1000,IF(J9="Galón",H9/3800,IF(J9="Onza",H9/30,IF(J9="Fco. 500 ml",H9/500,IF(J9="Fco. 400 Grs",H9/400,IF(J9="Fco. 200 Grs",H9/200,IF(J9="Fco. 200 ml",H9/200,IF(J9="Fco. 750 ml",H9/750,IF(J9="Fco. 125 ml",H9/125,IF(J9="Arroba",H9/12500,IF(J9="Unidad",H9/1," "))))))))))))) | L9: =IF(ISERROR(M9/$M$4)," ",(M9/$M$4)) | M9: =IF(ISERROR(I9*K9)," ",I9*K9)
A10: 4 | H10: =$M$4*E10*((G10)+1) -> 0 | I10: =IF(J10="Kilo",H10/1000,IF(J10="Libra",H10/500,IF(J10="Litro",H10/1000,IF(J10="Galón",H10/3800,IF(J10="Onza",H10/30,IF(J10="Fco. 500 ml",H10/500,IF(J10="Fco. 400 Grs",H10/400,IF(J10="Fco. 200 Grs",H10/200,IF(J10="Fco. 200 ml",H10/200,IF(J10="Fco. 750 ml",H10/750,IF(J10="Fco. 125 ml",H10/125,IF(J10="Arroba",H10/12500,IF(J10="Unidad",H10/1," "))))))))))))) | L10: =IF(ISERROR(M10/$M$4)," ",(M10/$M$4)) | M10: =IF(ISERROR(I10*K10)," ",I10*K10)
A11: 5 | H11: =$M$4*E11*((G11)+1) -> 0 | I11: =IF(J11="Kilo",H11/1000,IF(J11="Libra",H11/500,IF(J11="Litro",H11/1000,IF(J11="Galón",H11/3800,IF(J11="Onza",H11/30,IF(J11="Fco. 500 ml",H11/500,IF(J11="Fco. 400 Grs",H11/400,IF(J11="Fco. 200 Grs",H11/200,IF(J11="Fco. 200 ml",H11/200,IF(J11="Fco. 750 ml",H11/750,IF(J11="Fco. 125 ml",H11/125,IF(J11="Arroba",H11/12500,IF(J11="Unidad",H11/1," "))))))))))))) | L11: =IF(ISERROR(M11/$M$4)," ",(M11/$M$4)) | M11: =IF(ISERROR(I11*K11)," ",I11*K11)
A12: 6 | H12: =$M$4*E12*((G12)+1) -> 0 | I12: =IF(J12="Kilo",H12/1000,IF(J12="Libra",H12/500,IF(J12="Litro",H12/1000,IF(J12="Galón",H12/3800,IF(J12="Onza",H12/30,IF(J12="Fco. 500 ml",H12/500,IF(J12="Fco. 400 Grs",H12/400,IF(J12="Fco. 200 Grs",H12/200,IF(J12="Fco. 200 ml",H12/200,IF(J12="Fco. 750 ml",H12/750,IF(J12="Fco. 125 ml",H12/125,IF(J12="Arroba",H12/12500,IF(J12="Unidad",H12/1," "))))))))))))) | L12: =IF(ISERROR(M12/$M$4)," ",(M12/$M$4)) | M12: =IF(ISERROR(I12*K12)," ",I12*K12)
A13: 7 | H13: =$M$4*E13*((G13)+1) -> 0 | I13: =IF(J13="Kilo",H13/1000,IF(J13="Libra",H13/500,IF(J13="Litro",H13/1000,IF(J13="Galón",H13/3800,IF(J13="Onza",H13/30,IF(J13="Fco. 500 ml",H13/500,IF(J13="Fco. 400 Grs",H13/400,IF(J13="Fco. 200 Grs",H13/200,IF(J13="Fco. 200 ml",H13/200,IF(J13="Fco. 750 ml",H13/750,IF(J13="Fco. 125 ml",H13/125,IF(J13="Arroba",H13/12500,IF(J13="Unidad",H13/1," "))))))))))))) | L13: =IF(ISERROR(M13/$M$4)," ",(M13/$M$4)) | M13: =IF(ISERROR(I13*K13)," ",I13*K13)
A14: 8 | H14: =$M$4*E14*((G14)+1) -> 0 | I14: =IF(J14="Kilo",H14/1000,IF(J14="Libra",H14/500,IF(J14="Litro",H14/1000,IF(J14="Galón",H14/3800,IF(J14="Onza",H14/30,IF(J14="Fco. 500 ml",H14/500,IF(J14="Fco. 400 Grs",H14/400,IF(J14="Fco. 200 Grs",H14/200,IF(J14="Fco. 200 ml",H14/200,IF(J14="Fco. 750 ml",H14/750,IF(J14="Fco. 125 ml",H14/125,IF(J14="Arroba",H14/12500,IF(J14="Unidad",H14/1," "))))))))))))) | L14: =IF(ISERROR(M14/$M$4)," ",(M14/$M$4)) | M14: =IF(ISERROR(I14*K14)," ",I14*K14)
A15: 9 | H15: =$M$4*E15*((G15)+1) -> 0 | I15: =IF(J15="Kilo",H15/1000,IF(J15="Libra",H15/500,IF(J15="Litro",H15/1000,IF(J15="Galón",H15/3800,IF(J15="Onza",H15/30,IF(J15="Fco. 500 ml",H15/500,IF(J15="Fco. 400 Grs",H15/400,IF(J15="Fco. 200 Grs",H15/200,IF(J15="Fco. 200 ml",H15/200,IF(J15="Fco. 750 ml",H15/750,IF(J15="Fco. 125 ml",H15/125,IF(J15="Arroba",H15/12500,IF(J15="Unidad",H15/1," "))))))))))))) | L15: =IF(ISERROR(M15/$M$4)," ",(M15/$M$4)) | M15: =IF(ISERROR(I15*K15)," ",I15*K15)
A16: 10 | H16: =$M$4*E16*((G16)+1) -> 0 | I16: =IF(J16="Kilo",H16/1000,IF(J16="Libra",H16/500,IF(J16="Litro",H16/1000,IF(J16="Galón",H16/3800,IF(J16="Onza",H16/30,IF(J16="Fco. 500 ml",H16/500,IF(J16="Fco. 400 Grs",H16/400,IF(J16="Fco. 200 Grs",H16/200,IF(J16="Fco. 200 ml",H16/200,IF(J16="Fco. 750 ml",H16/750,IF(J16="Fco. 125 ml",H16/125,IF(J16="Arroba",H16/12500,IF(J16="Unidad",H16/1," "))))))))))))) | L16: =IF(ISERROR(M16/$M$4)," ",(M16/$M$4)) | M16: =IF(ISERROR(I16*K16)," ",I16*K16)
A17: 11 | H17: =$M$4*E17*((G17)+1) -> 0 | I17: =IF(J17="Kilo",H17/1000,IF(J17="Libra",H17/500,IF(J17="Litro",H17/1000,IF(J17="Galón",H17/3800,IF(J17="Onza",H17/30,IF(J17="Fco. 500 ml",H17/500,IF(J17="Fco. 400 Grs",H17/400,IF(J17="Fco. 200 Grs",H17/200,IF(J17="Fco. 200 ml",H17/200,IF(J17="Fco. 750 ml",H17/750,IF(J17="Fco. 125 ml",H17/125,IF(J17="Arroba",H17/12500,IF(J17="Unidad",H17/1," "))))))))))))) | L17: =IF(ISERROR(M17/$M$4)," ",(M17/$M$4)) | M17: =IF(ISERROR(I17*K17)," ",I17*K17)
A18: 12 | H18: =$M$4*E18*((G18)+1) -> 0 | I18: =IF(J18="Kilo",H18/1000,IF(J18="Libra",H18/500,IF(J18="Litro",H18/1000,IF(J18="Galón",H18/3800,IF(J18="Onza",H18/30,IF(J18="Fco. 500 ml",H18/500,IF(J18="Fco. 400 Grs",H18/400,IF(J18="Fco. 200 Grs",H18/200,IF(J18="Fco. 200 ml",H18/200,IF(J18="Fco. 750 ml",H18/750,IF(J18="Fco. 125 ml",H18/125,IF(J18="Arroba",H18/12500,IF(J18="Unidad",H18/1," "))))))))))))) | L18: =IF(ISERROR(M18/$M$4)," ",(M18/$M$4)) | M18: =IF(ISERROR(I18*K18)," ",I18*K18)
A19: TOTAL COSTO DE LOS INSUMOS DE PRODUCCIÓN | L19: =SUM(L7:L18) -> 0 | M19: =SUM(M7:M18) -> 0

Sheet R. E. C  6
A1: RESTAURANTE EL CORRIENTAZO
A2: RECETA ESTÁNDA COMPLEMENTARIA
A3: NOMBRE DE LA PREPARACIÓN: | K3: RECETA N° | M3: A25
A4: País | E4: Categoría | G4: Código | I4: Fecha | L4: N°. de porciones | M4: =+'Receta Estandar Principal'!M4 -> 10
A5: PREPARACIÓN PRINCIPAL
A6: CÓD. | B6: INGREDIENTES | E6: Cant. Por porcion | F6: Unidad de Medida | G6: % de merma | H6: Cantidad Total Neta requerida | I6: Presupuesto de compras | J6: Presentación Comercial | K6: Costo cotizado | L6: Costo Por Porción | M6: VALOR TOTAL
A7: 1 | H7: =$M$4*E7*((G7)+1) -> 0 | I7: =IF(J7="Kilo",H7/1000,IF(J7="Libra",H7/500,IF(J7="Litro",H7/1000,IF(J7="Galón",H7/3800,IF(J7="Onza",H7/30,IF(J7="Fco. 500 ml",H7/500,IF(J7="Fco. 400 Grs",H7/400,IF(J7="Fco. 200 Grs",H7/200,IF(J7="Fco. 200 ml",H7/200,IF(J7="Fco. 750 ml",H7/750,IF(J7="Fco. 125 ml",H7/125,IF(J7="Arroba",H7/12500,IF(J7="Unidad",H7/1," "))))))))))))) | L7: =IF(ISERROR(M7/$M$4)," ",(M7/$M$4)) | M7: =IF(ISERROR(I7*K7)," ",I7*K7)
A8: 2 | H8: =$M$4*E8*((G8)+1) -> 0 | I8: =IF(J8="Kilo",H8/1000,IF(J8="Libra",H8/500,IF(J8="Litro",H8/1000,IF(J8="Galón",H8/3800,IF(J8="Onza",H8/30,IF(J8="Fco. 500 ml",H8/500,IF(J8="Fco. 400 Grs",H8/400,IF(J8="Fco. 200 Grs",H8/200,IF(J8="Fco. 200 ml",H8/200,IF(J8="Fco. 750 ml",H8/750,IF(J8="Fco. 125 ml",H8/125,IF(J8="Arroba",H8/12500,IF(J8="Unidad",H8/1," "))))))))))))) | L8: =IF(ISERROR(M8/$M$4)," ",(M8/$M$4)) | M8: =IF(ISERROR(I8*K8)," ",I8*K8)
A9: 3 | H9: =$M$4*E9*((G9)+1) -> 0 | I9: =IF(J9="Kilo",H9/1000,IF(J9="Libra",H9/500,IF(J9="Litro",H9/1000,IF(J9="Galón",H9/3800,IF(J9="Onza",H9/30,IF(J9="Fco. 500 ml",H9/500,IF(J9="Fco. 400 Grs",H9/400,IF(J9="Fco. 200 Grs",H9/200,IF(J9="Fco. 200 ml",H9/200,IF(J9="Fco. 750 ml",H9/750,IF(J9="Fco. 125 ml",H9/125,IF(J9="Arroba",H9/12500,IF(J9="Unidad",H9/1," "))))))))))))) | L9: =IF(ISERROR(M9/$M$4)," ",(M9/$M$4)) | M9: =IF(ISERROR(I9*K9)," ",I9*K9)
A10: 4 | H10: =$M$4*E10*((G10)+1) -> 0 | I10: =IF(J10="Kilo",H10/1000,IF(J10="Libra",H10/500,IF(J10="Litro",H10/1000,IF(J10="Galón",H10/3800,IF(J10="Onza",H10/30,IF(J10="Fco. 500 ml",H10/500,IF(J10="Fco. 400 Grs",H10/400,IF(J10="Fco. 200 Grs",H10/200,IF(J10="Fco. 200 ml",H10/200,IF(J10="Fco. 750 ml",H10/750,IF(J10="Fco. 125 ml",H10/125,IF(J10="Arroba",H10/12500,IF(J10="Unidad",H10/1," "))))))))))))) | L10: =IF(ISERROR(M10/$M$4)," ",(M10/$M$4)) | M10: =IF(ISERROR(I10*K10)," ",I10*K10)
A11: 5 | H11: =$M$4*E11*((G11)+1) -> 0 | I11: =IF(J11="Kilo",H11/1000,IF(J11="Libra",H11/500,IF(J11="Litro",H11/1000,IF(J11="Galón",H11/3800,IF(J11="Onza",H11/30,IF(J11="Fco. 500 ml",H11/500,IF(J11="Fco. 400 Grs",H11/400,IF(J11="Fco. 200 Grs",H11/200,IF(J11="Fco. 200 ml",H11/200,IF(J11="Fco. 750 ml",H11/750,IF(J11="Fco. 125 ml",H11/125,IF(J11="Arroba",H11/12500,IF(J11="Unidad",H11/1," "))))))))))))) | L11: =IF(ISERROR(M11/$M$4)," ",(M11/$M$4)) | M11: =IF(ISERROR(I11*K11)," ",I11*K11)
A12: 6 | H12: =$M$4*E12*((G12)+1) -> 0 | I12: =IF(J12="Kilo",H12/1000,IF(J12="Libra",H12/500,IF(J12="Litro",H12/1000,IF(J12="Galón",H12/3800,IF(J12="Onza",H12/30,IF(J12="Fco. 500 ml",H12/500,IF(J12="Fco. 400 Grs",H12/400,IF(J12="Fco. 200 Grs",H12/200,IF(J12="Fco. 200 ml",H12/200,IF(J12="Fco. 750 ml",H12/750,IF(J12="Fco. 125 ml",H12/125,IF(J12="Arroba",H12/12500,IF(J12="Unidad",H12/1," "))))))))))))) | L12: =IF(ISERROR(M12/$M$4)," ",(M12/$M$4)) | M12: =IF(ISERROR(I12*K12)," ",I12*K12)
A13: 7 | H13: =$M$4*E13*((G13)+1) -> 0 | I13: =IF(J13="Kilo",H13/1000,IF(J13="Libra",H13/500,IF(J13="Litro",H13/1000,IF(J13="Galón",H13/3800,IF(J13="Onza",H13/30,IF(J13="Fco. 500 ml",H13/500,IF(J13="Fco. 400 Grs",H13/400,IF(J13="Fco. 200 Grs",H13/200,IF(J13="Fco. 200 ml",H13/200,IF(J13="Fco. 750 ml",H13/750,IF(J13="Fco. 125 ml",H13/125,IF(J13="Arroba",H13/12500,IF(J13="Unidad",H13/1," "))))))))))))) | L13: =IF(ISERROR(M13/$M$4)," ",(M13/$M$4)) | M13: =IF(ISERROR(I13*K13)," ",I13*K13)
A14: 8 | H14: =$M$4*E14*((G14)+1) -> 0 | I14: =IF(J14="Kilo",H14/1000,IF(J14="Libra",H14/500,IF(J14="Litro",H14/1000,IF(J14="Galón",H14/3800,IF(J14="Onza",H14/30,IF(J14="Fco. 500 ml",H14/500,IF(J14="Fco. 400 Grs",H14/400,IF(J14="Fco. 200 Grs",H14/200,IF(J14="Fco. 200 ml",H14/200,IF(J14="Fco. 750 ml",H14/750,IF(J14="Fco. 125 ml",H14/125,IF(J14="Arroba",H14/12500,IF(J14="Unidad",H14/1," "))))))))))))) | L14: =IF(ISERROR(M14/$M$4)," ",(M14/$M$4)) | M14: =IF(ISERROR(I14*K14)," ",I14*K14)
A15: 9 | H15: =$M$4*E15*((G15)+1) -> 0 | I15: =IF(J15="Kilo",H15/1000,IF(J15="Libra",H15/500,IF(J15="Litro",H15/1000,IF(J15="Galón",H15/3800,IF(J15="Onza",H15/30,IF(J15="Fco. 500 ml",H15/500,IF(J15="Fco. 400 Grs",H15/400,IF(J15="Fco. 200 Grs",H15/200,IF(J15="Fco. 200 ml",H15/200,IF(J15="Fco. 750 ml",H15/750,IF(J15="Fco. 125 ml",H15/125,IF(J15="Arroba",H15/12500,IF(J15="Unidad",H15/1," "))))))))))))) | L15: =IF(ISERROR(M15/$M$4)," ",(M15/$M$4)) | M15: =IF(ISERROR(I15*K15)," ",I15*K15)
A16: 10 | H16: =$M$4*E16*((G16)+1) -> 0 | I16: =IF(J16="Kilo",H16/1000,IF(J16="Libra",H16/500,IF(J16="Litro",H16/1000,IF(J16="Galón",H16/3800,IF(J16="Onza",H16/30,IF(J16="Fco. 500 ml",H16/500,IF(J16="Fco. 400 Grs",H16/400,IF(J16="Fco. 200 Grs",H16/200,IF(J16="Fco. 200 ml",H16/200,IF(J16="Fco. 750 ml",H16/750,IF(J16="Fco. 125 ml",H16/125,IF(J16="Arroba",H16/12500,IF(J16="Unidad",H16/1," "))))))))))))) | L16: =IF(ISERROR(M16/$M$4)," ",(M16/$M$4)) | M16: =IF(ISERROR(I16*K16)," ",I16*K16)
A17: 11 | H17: =$M$4*E17*((G17)+1) -> 0 | I17: =IF(J17="Kilo",H17/1000,IF(J17="Libra",H17/500,IF(J17="Litro",H17/1000,IF(J17="Galón",H17/3800,IF(J17="Onza",H17/30,IF(J17="Fco. 500 ml",H17/500,IF(J17="Fco. 400 Grs",H17/400,IF(J17="Fco. 200 Grs",H17/200,IF(J17="Fco. 200 ml",H17/200,IF(J17="Fco. 750 ml",H17/750,IF(J17="Fco. 125 ml",H17/125,IF(J17="Arroba",H17/12500,IF(J17="Unidad",H17/1," "))))))))))))) | L17: =IF(ISERROR(M17/$M$4)," ",(M17/$M$4)) | M17: =IF(ISERROR(I17*K17)," ",I17*K17)
A18: 12 | H18: =$M$4*E18*((G18)+1) -> 0 | I18: =IF(J18="Kilo",H18/1000,IF(J18="Libra",H18/500,IF(J18="Litro",H18/1000,IF(J18="Galón",H18/3800,IF(J18="Onza",H18/30,IF(J18="Fco. 500 ml",H18/500,IF(J18="Fco. 400 Grs",H18/400,IF(J18="Fco. 200 Grs",H18/200,IF(J18="Fco. 200 ml",H18/200,IF(J18="Fco. 750 ml",H18/750,IF(J18="Fco. 125 ml",H18/125,IF(J18="Arroba",H18/12500,IF(J18="Unidad",H18/1," "))))))))))))) | L18: =IF(ISERROR(M18/$M$4)," ",(M18/$M$4)) | M18: =IF(ISERROR(I18*K18)," ",I18*K18)
A19: TOTAL COSTO DE LOS INSUMOS DE PRODUCCIÓN | L19: =SUM(L7:L18) -> 0 | M19: =SUM(M7:M18) -> 0

Sheet R. E. C  7
A1: RESTAURANTE EL CORRIENTAZO
A2: RECETA ESTÁNDA COMPLEMENTARIA
A3: NOMBRE DE LA PREPARACIÓN: | K3: RECETA N° | M3: A25
A4: País | E4: Categoría | G4: Código | I4: Fecha | L4: N°. de porciones | M4: =+'Receta Estandar Principal'!M4 -> 10
A5: PREPARACIÓN PRINCIPAL
A6: CÓD. | B6: INGREDIENTES | E6: Cant. Por Porcion | F6: Unidad de Medida | G6: % de Merma | H6: Cantidad Total Neta Requerida | I6: Presupuesto de Compras | J6: Presentación Comercial | K6: Precio de Compra | L6: Costo Por Porción | M6: COSTO TOTAL DEMATERIAS PRIMAS
A7: 1 | H7: =$M$4*E7*((G7)+1) -> 0 | I7: =IF(J7="Kilo",H7/1000,IF(J7="Libra",H7/500,IF(J7="Litro",H7/1000,IF(J7="Galón",H7/3800,IF(J7="Onza",H7/30,IF(J7="Fco. 500 ml",H7/500,IF(J7="Fco. 400 Grs",H7/400,IF(J7="Fco. 200 Grs",H7/200,IF(J7="Fco. 200 ml",H7/200,IF(J7="Fco. 750 ml",H7/750,IF(J7="Fco. 125 ml",H7/125,IF(J7="Arroba",H7/12500,IF(J7="Unidad",H7/1," "))))))))))))) | L7: =IF(ISERROR(M7/$M$4)," ",(M7/$M$4)) | M7: =IF(ISERROR(I7*K7)," ",I7*K7)
A8: 2 | H8: =$M$4*E8*((G8)+1) -> 0 | I8: =IF(J8="Kilo",H8/1000,IF(J8="Libra",H8/500,IF(J8="Litro",H8/1000,IF(J8="Galón",H8/3800,IF(J8="Onza",H8/30,IF(J8="Fco. 500 ml",H8/500,IF(J8="Fco. 400 Grs",H8/400,IF(J8="Fco. 200 Grs",H8/200,IF(J8="Fco. 200 ml",H8/200,IF(J8="Fco. 750 ml",H8/750,IF(J8="Fco. 125 ml",H8/125,IF(J8="Arroba",H8/12500,IF(J8="Unidad",H8/1," "))))))))))))) | L8: =IF(ISERROR(M8/$M$4)," ",(M8/$M$4)) | M8: =IF(ISERROR(I8*K8)," ",I8*K8)
A9: 3 | H9: =$M$4*E9*((G9)+1) -> 0 | I9: =IF(J9="Kilo",H9/1000,IF(J9="Libra",H9/500,IF(J9="Litro",H9/1000,IF(J9="Galón",H9/3800,IF(J9="Onza",H9/30,IF(J9="Fco. 500 ml",H9/500,IF(J9="Fco. 400 Grs",H9/400,IF(J9="Fco. 200 Grs",H9/200,IF(J9="Fco. 200 ml",H9/200,IF(J9="Fco. 750 ml",H9/750,IF(J9="Fco. 125 ml",H9/125,IF(J9="Arroba",H9/12500,IF(J9="Unidad",H9/1," "))))))))))))) | L9: =IF(ISERROR(M9/$M$4)," ",(M9/$M$4)) | M9: =IF(ISERROR(I9*K9)," ",I9*K9)
A10: 4 | H10: =$M$4*E10*((G10)+1) -> 0 | I10: =IF(J10="Kilo",H10/1000,IF(J10="Libra",H10/500,IF(J10="Litro",H10/1000,IF(J10="Galón",H10/3800,IF(J10="Onza",H10/30,IF(J10="Fco. 500 ml",H10/500,IF(J10="Fco. 400 Grs",H10/400,IF(J10="Fco. 200 Grs",H10/200,IF(J10="Fco. 200 ml",H10/200,IF(J10="Fco. 750 ml",H10/750,IF(J10="Fco. 125 ml",H10/125,IF(J10="Arroba",H10/12500,IF(J10="Unidad",H10/1," "))))))))))))) | L10: =IF(ISERROR(M10/$M$4)," ",(M10/$M$4)) | M10: =IF(ISERROR(I10*K10)," ",I10*K10)
A11: 5 | H11: =$M$4*E11*((G11)+1) -> 0 | I11: =IF(J11="Kilo",H11/1000,IF(J11="Libra",H11/500,IF(J11="Litro",H11/1000,IF(J11="Galón",H11/3800,IF(J11="Onza",H11/30,IF(J11="Fco. 500 ml",H11/500,IF(J11="Fco. 400 Grs",H11/400,IF(J11="Fco. 200 Grs",H11/200,IF(J11="Fco. 200 ml",H11/200,IF(J11="Fco. 750 ml",H11/750,IF(J11="Fco. 125 ml",H11/125,IF(J11="Arroba",H11/12500,IF(J11="Unidad",H11/1," "))))))))))))) | L11: =IF(ISERROR(M11/$M$4)," ",(M11/$M$4)) | M11: =IF(ISERROR(I11*K11)," ",I11*K11)
A12: 6 | H12: =$M$4*E12*((G12)+1) -> 0 | I12: =IF(J12="Kilo",H12/1000,IF(J12="Libra",H12/500,IF(J12="Litro",H12/1000,IF(J12="Galón",H12/3800,IF(J12="Onza",H12/30,IF(J12="Fco. 500 ml",H12/500,IF(J12="Fco. 400 Grs",H12/400,IF(J12="Fco. 200 Grs",H12/200,IF(J12="Fco. 200 ml",H12/200,IF(J12="Fco. 750 ml",H12/750,IF(J12="Fco. 125 ml",H12/125,IF(J12="Arroba",H12/12500,IF(J12="Unidad",H12/1," "))))))))))))) | L12: =IF(ISERROR(M12/$M$4)," ",(M12/$M$4)) | M12: =IF(ISERROR(I12*K12)," ",I12*K12)
A13: 7 | H13: =$M$4*E13*((G13)+1) -> 0 | I13: =IF(J13="Kilo",H13/1000,IF(J13="Libra",H13/500,IF(J13="Litro",H13/1000,IF(J13="Galón",H13/3800,IF(J13="Onza",H13/30,IF(J13="Fco. 500 ml",H13/500,IF(J13="Fco. 400 Grs",H13/400,IF(J13="Fco. 200 Grs",H13/200,IF(J13="Fco. 200 ml",H13/200,IF(J13="Fco. 750 ml",H13/750,IF(J13="Fco. 125 ml",H13/125,IF(J13="Arroba",H13/12500,IF(J13="Unidad",H13/1," "))))))))))))) | L13: =IF(ISERROR(M13/$M$4)," ",(M13/$M$4)) | M13: =IF(ISERROR(I13*K13)," ",I13*K13)
A14: 8 | H14: =$M$4*E14*((G14)+1) -> 0 | I14: =IF(J14="Kilo",H14/1000,IF(J14="Libra",H14/500,IF(J14="Litro",H14/1000,IF(J14="Galón",H14/3800,IF(J14="Onza",H14/30,IF(J14="Fco. 500 ml",H14/500,IF(J14="Fco. 400 Grs",H14/400,IF(J14="Fco. 200 Grs",H14/200,IF(J14="Fco. 200 ml",H14/200,IF(J14="Fco. 750 ml",H14/750,IF(J14="Fco. 125 ml",H14/125,IF(J14="Arroba",H14/12500,IF(J14="Unidad",H14/1," "))))))))))))) | L14: =IF(ISERROR(M14/$M$4)," ",(M14/$M$4)) | M14: =IF(ISERROR(I14*K14)," ",I14*K14)
A15: 9 | H15: =$M$4*E15*((G15)+1) -> 0 | I15: =IF(J15="Kilo",H15/1000,IF(J15="Libra",H15/500,IF(J15="Litro",H15/1000,IF(J15="Galón",H15/3800,IF(J15="Onza",H15/30,IF(J15="Fco. 500 ml",H15/500,IF(J15="Fco. 400 Grs",H15/400,IF(J15="Fco. 200 Grs",H15/200,IF(J15="Fco. 200 ml",H15/200,IF(J15="Fco. 750 ml",H15/750,IF(J15="Fco. 125 ml",H15/125,IF(J15="Arroba",H15/12500,IF(J15="Unidad",H15/1," "))))))))))))) | L15: =IF(ISERROR(M15/$M$4)," ",(M15/$M$4)) | M15: =IF(ISERROR(I15*K15)," ",I15*K15)
A16: 10 | H16: =$M$4*E16*((G16)+1) -> 0 | I16: =IF(J16="Kilo",H16/1000,IF(J16="Libra",H16/500,IF(J16="Litro",H16/1000,IF(J16="Galón",H16/3800,IF(J16="Onza",H16/30,IF(J16="Fco. 500 ml",H16/500,IF(J16="Fco. 400 Grs",H16/400,IF(J16="Fco. 200 Grs",H16/200,IF(J16="Fco. 200 ml",H16/200,IF(J16="Fco. 750 ml",H16/750,IF(J16="Fco. 125 ml",H16/125,IF(J16="Arroba",H16/12500,IF(J16="Unidad",H16/1," "))))))))))))) | L16: =IF(ISERROR(M16/$M$4)," ",(M16/$M$4)) | M16: =IF(ISERROR(I16*K16)," ",I16*K16)
A17: 11 | H17: =$M$4*E17*((G17)+1) -> 0 | I17: =IF(J17="Kilo",H17/1000,IF(J17="Libra",H17/500,IF(J17="Litro",H17/1000,IF(J17="Galón",H17/3800,IF(J17="Onza",H17/30,IF(J17="Fco. 500 ml",H17/500,IF(J17="Fco. 400 Grs",H17/400,IF(J17="Fco. 200 Grs",H17/200,IF(J17="Fco. 200 ml",H17/200,IF(J17="Fco. 750 ml",H17/750,IF(J17="Fco. 125 ml",H17/125,IF(J17="Arroba",H17/12500,IF(J17="Unidad",H17/1," "))))))))))))) | L17: =IF(ISERROR(M17/$M$4)," ",(M17/$M$4)) | M17: =IF(ISERROR(I17*K17)," ",I17*K17)
A18: 12 | H18: =$M$4*E18*((G18)+1) -> 0 | I18: =IF(J18="Kilo",H18/1000,IF(J18="Libra",H18/500,IF(J18="Litro",H18/1000,IF(J18="Galón",H18/3800,IF(J18="Onza",H18/30,IF(J18="Fco. 500 ml",H18/500,IF(J18="Fco. 400 Grs",H18/400,IF(J18="Fco. 200 Grs",H18/200,IF(J18="Fco. 200 ml",H18/200,IF(J18="Fco. 750 ml",H18/750,IF(J18="Fco. 125 ml",H18/125,IF(J18="Arroba",H18/12500,IF(J18="Unidad",H18/1," "))))))))))))) | L18: =IF(ISERROR(M18/$M$4)," ",(M18/$M$4)) | M18: =IF(ISERROR(I18*K18)," ",I18*K18)
A19: TOTAL COSTO DE LOS INSUMOS DE PRODUCCIÓN | L19: =SUM(L7:L18) -> 0 | M19: =SUM(M7:M18) -> 0

Sheet Mano de obra
A1: MANO DE OBRA DIRECTA
A3: SALARIOS DIRECTOS | B3: NOMBRE EMPLEADO | C3: BASICO MES | D3: AUXILIO TRANS | E3: DIAS / HORAS TRAB. | F3: SALARIO BÁSICO | G3: HORAS EXTRAS Y RECARGOS | H3: TOTAL DEVENGADO
D4: =+C32 -> 249095 | E4: =+C33 -> 220
B5: Estella | C5: 1750905 | D5: =+IF(C5<$C$31*2,$D$4/220*E5,0) -> 249095 | E5: =+$E$4 -> 220 | F5: =+C5/$E$4*E5 -> 1750905 | H5: =+D5+F5+G5 -> 2000000
B6: Pedro | C6: 1750905 | D6: =+IF(C6<$C$31*2,$D$4/220*E6,0) -> 249095 | E6: =+$E$4 -> 220 | F6: =+C6/$E$4*E6 -> 1750905 | H6: =+D6+F6+G6 -> 2000000
D7: =+IF(C7<$C$31*2,$D$4/220*E7,0) -> 0 | F7: =+C7/$E$4*E7 -> 0 | H7: =+D7+F7+G7 -> 0
D8: =+IF(C8<$C$31*2,$D$4/220*E8,0) -> 0 | F8: =+C8/$E$4*E8 -> 0 | H8: =+D8+F8+G8 -> 0
D9: =+IF(C9<$C$31*2,$D$4/220*E9,0) -> 0 | F9: =+C9/$E$4*E9 -> 0 | H9: =+D9+F9+G9 -> 0
D10: =+IF(C10<$C$31*2,$D$4/220*E10,0) -> 0 | F10: =+C10/$E$4*E10 -> 0 | H10: =+D10+F10+G10 -> 0
D11: =+IF(C11<$C$31*2,$D$4/220*E11,0) -> 0 | F11: =+C11/$E$4*E11 -> 0 | H11: =+D11+F11+G11 -> 0
B12: TOTALES | C12: =SUM(C5:C11) -> 3501810 | D12: =SUM(D5:D11) -> 498190 | F12: =SUM(F5:F11) -> 3501810 | H12: =SUM(H5:H11) -> 4000000
A13: FACTOR PRESTACIONAL Y SEGURIDAD SOCIAL | B13: CONCEPTO | C13: % | D13: VALOR | H13: TOTAL FACTOR PRESTACIONAL
B14: EPS | C14: 0.085 | D14: =$F$12*C14 -> 297653.85
B15: ARL | C15: 0.02436 | D15: =$F$12*C15 -> 85304.092
B16: AFP | C16: 0.12 | D16: =$F$12*C16 -> 420217.2
B17: AP. PARAFISCALES | C17: 0.09 | D17: =$F$12*C17 -> 315162.9
B18: TOTAL SEGURIDAD SOC. | C18: =SUM(C14:C17) -> 0.31936 | D18: =SUM(D14:D17) -> 1118338 | H18: =+SUM(D14:F17) -> 1118338
B19: PRIMA | C19: 0.0833 | D19: =+$H$12*C19 -> 333200
B20: CESANTÍAS | C20: 0.0833 | D20: =+$H$12*C20 -> 333200
B21: INTERES CESANTIAS | C21: 0.01 | D21: =+$H$12*C21 -> 40000
B22: VACACIONES | C22: 0.0417 | D22: =$F$12*C22 -> 146025.48
B23: Dotación | D23: 30000
A24: TOTAL PRESTACIONES SOC. | C24: =SUM(C19:C22) -> 0.2183 | D24: =SUM(D19:F23) -> 882425.48 | H24: =+SUM(D19:F23) -> 882425.48
A25: SUBT. FACTOR PRESTACIONAL | C25: =+C18+C24 -> 0.53766 | D25: =+D18+D24 -> 2000763.5
A27: TOTAL MANO DE OBRA + FACTOR PRESTACIONAL | H27: =+H12+H18+H24 -> 6000763.5
A29: DATOS BÁSICOS ANUALIZADOS
A31: Salario Mínimo Año 2026 | C31: 1750905
A32: Auxilio De transporte Año 2026 | C32: 249095
A33: Horas trabajadas al mes | C33: 220

Sheet CIS
A1: COSTOS INDIRECTOS DEL SERVICIO (CIS)
A3: CIS | B3: DETALLE | C3: VALOR CIS REQUERIDO POR UNIDAD | D3: CANTIDAD A PRODUCIR | F3: COSTO TOTAL CIS
B4: CIF VARIABLES (Producto)
B5: Empaques | C5: 500 | D5: =+'Receta Estandar Principal'!M4 -> 10 | F5: =+C5*$D$5 -> 5000
B6: Aseo y cafeteria | C6: 600 | F6: =+C6*$D$5 -> 6000
B7: Servicio públicos | C7: 1200 | F7: =+C7*$D$5 -> 12000
B8: Mantenimiento y Reparac | C8: 200 | F8: =+C8*$D$5 -> 2000
B9: Materia Prima Indirecta | C9: 200 | F9: =+C9*$D$5 -> 2000
F10: =+C10*$D$5 -> 0
F11: =+C11*$D$5 -> 0
F12: =+C12*$D$5 -> 0
F13: =+C13*$D$5 -> 0
F14: =+C14*$D$5 -> 0
B15: Total Cif Variables x Unidad | C15: =SUM(C5:C14) -> 2700 | F15: =+SUM(F5:G14) -> 27000
B16: SUBTOTAL CIS VARIABLES
B17: CIS FIJOS
B18: DETALLE | F18: VALOR | G18: TOTAL
B19: Arrendamiento | F19: 2500000 | G19: =+F19 -> 2500000
B20: Honorarios | F20: 1200000 | G20: =+F20 -> 1200000
B21: Seguros | F21: } | G21: =+F21 -> }
G22: =+F22 -> 0
G23: =+F23 -> 0
G24: =+F24 -> 0
G25: =+F25 -> 0
G26: =+F26 -> 0
G27: =+F27 -> 0
G28: =+F28 -> 0
G29: =+F29 -> 0
B30: SUBTOTAL CIF FIJOS | G30: =+F30 -> 0
A31: TOTAL CIF | G31: =SUM(G19:G30) -> 3700000

Sheet Resumen
A1: RESUMEN GENERAL DE COSTO UNITARIO
A4: TOTALES | B4: CONCEPTOS | F4: TOTAL | G4: COSTO UNITARIO
B5: Materia Prima (Insumos de producción) | F5: =+'Receta Estandar Principal'!M50 -> 145089.77 | G5: =+F5/'Receta Estandar Principal'!M4 -> 14508.977
B7: Mano de obra | F7: =+'Mano de obra'!H27 -> 6000763.5 | G7: =+F7/'Receta Estandar Principal'!M4 -> 600076.35
B9: CIF (Costo indirecto de producción) | F9: =+CIS!F15+CIS!G31 -> 3727000 | G9: =+F9/'Receta Estandar Principal'!M4 -> 372700
B11: Total costo de producción | F11: =SUM(F5:F10) -> 9872853.3 | G11: =SUM(G5:G10) -> 987285.33
A15: PRECIO DE VENTA
A18: costo unitario variable | C18: =+G11 -> 987285.33 | E18: =ROUND(C18/(1-C19),-3) -> 1645000
A19: % de utilidad deseada | C19: 0.4
A20: Precio de venta proyectado por redondeo

Sheet PUNTO DE EQUILIBRIO
A1: PUNTO DE EQUILIBRIO
A4: PUNTO DE EQUILIBRIO | B4: Relación de costos y gastos fijos por mes:
B5: CONCEPTO | G5: VALOR
B6: =+CIS!A31 -> TOTAL CIF | G6: =+CIS!G31 -> 3700000
B7: =+'Mano de obra'!A1 -> MANO DE OBRA DIRECTA | G7: =+'Mano de obra'!H27 -> 6000763.5
B8: =+'Mano de obra'!A2 -> 0 | G8: =+CIS!G21 -> }
B9: =+CIS!B22 -> 0 | G9: =+CIS!G22 -> 0
B10: =+CIS!B23 -> 0 | G10: =+CIS!G23 -> 0
B11: =+CIS!B27 -> 0 | G11: =+CIS!G27 -> 0
B12: =+CIS!B28 -> 0 | G12: =+CIS!G28 -> 0
B13: =+CIS!B29 -> 0 | G13: =+CIS!G29 -> 0
B18: Total Costos y Gastos Fijos | G18: =SUM(G6:G17) -> 9700763.5
B20: Punto de equibrio en unidades | G20: =+G18/(C24-Resumen!G11) -> 14.749197
B22: PUNTO DE EQUILIBRIO EN $
B23: CANTIDAD | C23: =+G20 -> 14.749197
B24: Precio de venta | C24: =+Resumen!E18 -> 1645000
B25: TOTAL VENTAS DEL MES | F25: =+C23*C24 -> 24262430
B26: Menos:
B27: costos fijos del mes | G27: =+G18 -> 9700763.5
B28: COSTOS VARIABLES | G28: =+SUM(E29:E31) -> 14561666
B29: Materias primas | E29: =+C23*Resumen!G5 -> 213995.77
B30: Mano de obra | E30: =+Resumen!G7*'PUNTO DE EQUILIBRIO'!C23 -> 8850644.6
B31: Cis | E31: =+C23*Resumen!G9 -> 5497025.9
B32: Utilidad o pérdida bruta | G32: =+F25-G27-G28 -> 0

Sheet Utilidad Proyectada
A1: CUADRO PARA PROYECCIÓN DE UTILIDADES
A2: PROYECCIÓN DE UTILIDADES | B2: Utilidad proyectada | C2: 5000000 | E2: =(C2+C3)/(C4-C5) -> 22.351278
B3: Total Costos y gastos fijos | C3: =+'PUNTO DE EQUILIBRIO'!G18 -> 9700763.5
B4: Precio de venta del producto | C4: =+Resumen!E18 -> 1645000
B5: Costo Unitario de producción | C5: =+Resumen!G11 -> 987285.33
B6: Unidades a producir y vender
B7: CANTIDAD | C7: =+E2 -> 22.351278
B8: Precio de venta | C8: =+C4 -> 1645000
B9: TOTAL VENTAS DEL MES | G9: =+C7*C8 -> 36767852
B10: Menos:
B11: Costos fijos del mes | G11: =+C3 -> 9700763.5
B12: Costos variables: | G12: =+SUM(E13:E15) -> 22067089
B13: Materias primas | E13: =+(C7*Resumen!G5) -> 324294.19
B14: Mano de obra | E14: =+C7*Resumen!G7 -> 13412473
B15: Cif | E15: =+C7*Resumen!G9 -> 8330321.3
A16: Utilidad o pérdida proyectada | G16: =+G9-G11-G12 -> 5000000

Sheet VARIOS pRODUCTOS
A1: PUNTO DE EQUILIBRIO PARA VARIAS LÍNEAS DE PRODUCTO
A3: CONCEPTO | B3: REF. A | C3: REF. B | D3: REF. C | E3: REF. D | F3: REF. E | G3: REF. F | H3: REF. G
A4: Precio de venta | B4: 20000 | C4: 22000 | D4: 15000 | E4: 11000 | F4: 9000 | G4: 6000 | H4: 4000
A5: Costo unitario variable | B5: 7000 | C5: 8000 | D5: 6000 | E5: 5000 | F5: 4000 | G5: 2000 | H5: 1500
A6: Utilidad bruta | B6: =+B4-B5 -> 13000 | C6: =+C4-C5 -> 14000 | D6: =+D4-D5 -> 9000 | E6: =+E4-E5 -> 6000 | F6: =+F4-F5 -> 5000 | G6: =+G4-G5 -> 4000 | H6: =+H4-H5 -> 2500
A7: % de ventas | B7: 0.5 | C7: 0.2 | D7: 0.1 | E7: 0.05 | F7: 0.05 | G7: 0.05 | H7: 0.05
A8: Promedio márgen de contrib. Unitario | B8: =+B6*B7 -> 6500 | C8: =+C6*C7 -> 2800 | D8: =+D6*D7 -> 900 | E8: =+E6*E7 -> 300 | F8: =+F6*F7 -> 250 | G8: =+G6*G7 -> 200 | H8: =+H6*H7 -> 125
B9: =+B8/$F$10 -> 0.58690745 | C9: =+C8/$F$10 -> 0.25282167 | D9: =+D8/$F$10 -> 0.081264108 | E9: =+E8/$F$10 -> 0.027088036 | F9: =+F8/$F$10 -> 0.022573363 | G9: =+G8/$F$10 -> 0.018058691 | H9: =+H8/$F$10 -> 0.011286682
A10: =+A15 -> TOTAL PROMEDIO MÁRGEN DE CONTRIBUCIÓN | F10: =+SUM(B8:H8) -> 11075
A14: TOTAL COSTOS Y GASTOS FIFOS | B14: =+'PUNTO DE EQUILIBRIO'!G18:G18 -> 9700763.5
A15: TOTAL PROMEDIO MÁRGEN DE CONTRIBUCIÓN | B15: =+F10 -> 11075
A16: TOTAL PUNTO DE EQUILIBRIO | B16: =+B14/B15 -> 875.91544
A18: =+B16 -> 875.91544 | B18: REF. A | C18: =+B9 -> 0.58690745 | D18: =+$A$18*C18 -> 514.0813
B19: REF. B | C19: =+C9 -> 0.25282167 | D19: =+$A$18*C19 -> 221.45041
B20: REF. C | C20: =+D9 -> 0.081264108 | D20: =+$A$18*C20 -> 71.180487
B21: REF. D | C21: =+E9 -> 0.027088036 | D21: =+$A$18*C21 -> 23.726829
B22: REF. E | C22: =+F9 -> 0.022573363 | D22: =+$A$18*C22 -> 19.772358
B23: REF. F | C23: =+G9 -> 0.018058691 | D23: =+$A$18*C23 -> 15.817886
B24: REF. G | C24: =+H9 -> 0.011286682 | D24: =+$A$18*C24 -> 9.8861788
D25: =+$A$18*C25 -> 0
D26: =+$A$18*C26 -> 0
C27: =SUM(C18:C26) -> 1
A28: TOTAL DISTRIBUCIÓN POR REFERENCIA | D28: =SUM(D18:D27) -> 875.91544
B30: RESUMEN DE VENTAS
B31: REFERENCIA | C31: CANT. | D31: PRECIO DE VENTA | E31: TOTAL VENTAS
B32: REF. A | C32: =+D18 -> 514.0813 | D32: =+B4 -> 20000 | E32: =+C32*D32 -> 10281626
B33: REF. B | C33: =+D19 -> 221.45041 | D33: =+C4 -> 22000 | E33: =+C33*D33 -> 4871908.9
B34: REF. C | C34: =+D20 -> 71.180487 | D34: =+D4 -> 15000 | E34: =+C34*D34 -> 1067707.3
B35: REF. D | C35: =+D21 -> 23.726829 | D35: =+E4 -> 11000 | E35: =+C35*D35 -> 260995.12
B36: REF. E | C36: =+D22 -> 19.772358 | D36: =+F4 -> 9000 | E36: =+C36*D36 -> 177951.22
B37: REF. F | C37: =+D23 -> 15.817886 | D37: =+G4 -> 6000 | E37: =+C37*D37 -> 94907.316
B38: REF. G | C38: =+D24 -> 9.8861788 | D38: =+H4 -> 4000 | E38: =+C38*D38 -> 39544.715
B39: TOTAL VENTAS | E39: =SUM(E32:E38) -> 16794641
B41: RESUMEN DE COSTOS
B42: REFERENCIA | C42: CANT. | D42: PRECIO DE VENTA | E42: TOTAL COSTOS
B43: REF. A | C43: =+C32 -> 514.0813 | D43: =+B5 -> 7000 | E43: =+C43*D43 -> 3598569.1
B44: REF. B | C44: =+C33 -> 221.45041 | D44: =+C5 -> 8000 | E44: =+C44*D44 -> 1771603.2
B45: REF. C | C45: =+C34 -> 71.180487 | D45: =+D5 -> 6000 | E45: =+C45*D45 -> 427082.92
B46: REF. D | C46: =+C35 -> 23.726829 | D46: =+E5 -> 5000 | E46: =+C46*D46 -> 118634.15
B47: REF. E | C47: =+C36 -> 19.772358 | D47: =+F5 -> 4000 | E47: =+C47*D47 -> 79089.43
B48: REF. F | C48: =+C37 -> 15.817886 | D48: =+G5 -> 2000 | E48: =+C48*D48 -> 31635.772
B49: REF. G | C49: =+C38 -> 9.8861788 | D49: =+H5 -> 1500 | E49: =+C49*D49 -> 14829.268
B50: TOTAL COSTOS | E50: =SUM(E43:E49) -> 6041443.9
B52: RESUMEN GENERAL
B53: VENTAS TOTALES | E53: =+E39 -> 16794641
B54: COSTOS Y GASTOS FIJOS | E54: =+B14 -> 9700763.5
B55: COSTOS VARIABLES DE PRODUCCIÓN | E55: =+E50 -> 6041443.9
B56: UTILIDAD O PERDIDA OPERACIONAL | E56: =+E53-E54-E55 -> 1052433.2
